 Dungeon Crawl Stone Soup version 0.30.0-19-g36f170ea60 (webtiles) character file.

Game seed: 8460542648878856534

9429065 Gabide the Spellbinder (level 27, 186/199 HPs)
             Began as a Vampire Enchanter on May 21, 2023.
             Was a High Priest of Sif Muna.
             Escaped with the Orb
             ... and 15 runes on May 28, 2023!
             The game lasted 18:45:08 (180178 turns).

Gabide the Spellbinder (Vampire Enchanter)        Turns: 180178, Time: 18:45:09

Health: 186/199    AC: 16    Str:  6    XL:     27
Magic:  54/54      EV: 29    Int: 41    God:    Sif Muna [*****.]
Gold:   12991      SH:  0    Dex: 19    Spells: 8/80 levels left

rFire   + + +        c - +9 double sword (heavy)
rCold   + + +        Q - orb {guile}
rNeg    + + +        A - +2 robe {rC+ rF+}
rPois   ∞            M - -2 hat of the Alchemist {rElec rPois rF+ rC+ rN+ Will+ rMut rCorr}
rElec   +            j - +4 dragonskin cloak
rCorr   +            X - +2 pair of gloves {hurl}
SInv    +            N - +2 pair of boots {Fly}
Will    +....        o - amulet "Kesiwn" {RegenMP Int+7 Dex-2}
Stlth   ++++         g - +6 ring of intelligence
HPRegen 0.53/turn    f - ring of protection from fire
MPRegen 0.74/turn

%: resist mutation
@: flying, bloodless, studying 3 skills
A: bloodless, fangs 3, see invisible, vampiric 2, agile 1
0: Orb of Zot
}: 15/15 runes: serpentine, barnacled, slimy, silver, golden, iron, obsidian,
icy, bone, abyssal, demonic, glowing, magical, fiery, dark
a: Bat Form, Revivify, Renounce Religion, Channel Magic, Forget Spell, Divine
Exegesis


You escaped.
You worshipped Sif Muna.
Sif Muna was extremely pleased with you.
You visited 18 branches of the dungeon, and saw 87 of its levels.
You visited Pandemonium 1 time, and saw 15 of its levels.
You visited the Abyss 2 times.
You also visited: Trove, Ossuary, Bailey and Ice Cave.

You collected 17632 gold pieces.
You spent 4641 gold pieces at shops.

Inventory:

Hand Weapons
 a - the +8 scimitar of Brawling {vamp, *Noise Will+ Str+2 Int+5}
   (You found it on level 3 of the Shoals)

   Str:       It affects your strength (+2).
   Int:       It affects your intelligence (+5).
   *Noise:    It may make noises in combat.
   Will:      It increases your willpower.
 b - the +5 dagger of Dyffy {flame, +Blink Int+2}
   (You found it on level 3 of the Vaults)

   Int:       It affects your intelligence (+2).
   +Blink:    It lets you blink.
 c - a +9 heavy double sword (weapon)
 r - the +12 pair of quick blades "Gyre" and "Gimble" {protect}
   (You found it on level 5 of the Pits of Slime)
 I - the +2 Maxwell's thermic engine {flame, freeze, rev}
   (You found it on level 7 of the Iron City of Dis)
Missiles
 B - 10 curare-tipped darts
 O - 7 throwing nets
Armour
 j - the +4 dragonskin cloak (worn)
   (You took it off Tiamat on level 3 of the Realm of Zot)

   Avatar's Aegis: It grants the wearer a chance to resist fire, cold, poison,
   electricity, acid, and negative energy.
 v - the crystal ball of Wucad Mu {*channel}
   (You found it on level 7 of Tartarus)

   *Channel:  It often returns the magic spent to cast spells, but lowers their
   success rate.
   It always returns the magic spent on miscasts.
 z - the +6 ring mail of Dogma {rCorr Int+3}
   (You found it on level 3 of the Snake Pit)

   Int:       It affects your intelligence (+3).
   rCorr:     It protects you from acid and corrosion.
 A - a +2 robe of resistance (worn)
 D - the +1 robe "Bejol" {rPois Int-3 Dex+3 Archmagi}
   (You found it on level 3 of the Depths)

   Int:       It affects your intelligence (-3).
   Dex:       It affects your dexterity (+3).
   rPois:     It protects you from poison.
   Archmagi:  It increases the power of your magical spells.
 M - the -2 hat of the Alchemist (worn) {rElec rPois rF+ rC+ rN+ Will+ rMut rCorr}
   (You found it on level 5 of the Lair of Beasts)

   rF:        It protects you from fire.
   rC:        It protects you from cold.
   rElec:     It insulates you from electricity.
   rPois:     It protects you from poison.
   rN:        It protects you from negative energy.
   rCorr:     It protects you from acid and corrosion.
   rMut:      It protects you from mutation.
   Will:      It increases your willpower.
 N - a +2 pair of boots of flying (worn)
 P - the orb of Dispater {+Damnation *Corrode AC+5}
   (You took it off Dispater on level 7 of the Iron City of Dis)

   +Damnation: It grants the ability to hurl damnation at the cost of health and
   magic, with strength depending on Evocations skill.
   AC:        It affects your AC (+5).
   *Corrode:  It may corrode you when you take damage.
 Q - an orb of guile (worn)
 X - a +2 pair of gloves of hurling (worn)
Jewellery
 f - a ring of protection from fire (right hand)
 g - a +6 ring of intelligence (left hand)
 m - the amulet of the Four Winds {rN+ Will+++ Clar}
   (You bought it in a shop on level 3 of the Dungeon)

   [amulet of nothing]

   rN:        It protects you from negative energy.
   Clar:      It protects you from confusion, rage, mesmerisation and fear.
   Will:      It greatly increases your willpower.
 o - the amulet "Kesiwn" (around neck) {RegenMP Int+7 Dex-2}
   (You took it off a balrug in Pandemonium)

   [amulet of magic regeneration]

   It increases your rate of magic regeneration.
   Int:       It affects your intelligence (+7).
   Dex:       It affects your dexterity (-2).
 L - the ring of the Saviour {MP+9 Str+3 Int+3}
   (You bought it in a shop on level 1 of the Shoals)

   [ring of magical power]

   Str:       It affects your strength (+3).
   Int:       It affects your intelligence (+3).
   MP:        It affects your magic capacity (+9).
 R - the ring "Fane" {rPois rCorr MP+9 Int+3}
   (You took it off a deep elf pyromancer on level 3 of the Elven Halls)

   [ring of magical power]

   Int:       It affects your intelligence (+3).
   rPois:     It protects you from poison.
   MP:        It affects your magic capacity (+9).
   rCorr:     It protects you from acid and corrosion.
 U - a +6 ring of intelligence
Wands
 q - a wand of acid (59)
 s - a wand of digging (80)
Scrolls
 e - a scroll of magic mapping
 k - 13 scrolls of teleportation
 y - 2 scrolls of torment
 E - 8 scrolls of fear
 H - 6 scrolls of brand weapon
 K - 6 scrolls of fog
 V - 8 scrolls of silence
 W - 8 scrolls of vulnerability
 Y - 8 scrolls of enchant armour
 Z - a scroll of summoning
Potions
 d - 14 potions of curing
 h - a potion of haste
 i - 3 potions of brilliance
 l - 6 potions of cancellation
 n - a potion of invisibility
 t - 7 potions of ambrosia
 w - 9 potions of flight
 x - 2 potions of heal wounds
 C - 16 potions of attraction
 F - 2 potions of magic
 G - 6 potions of resistance
 T - 5 potions of might
Miscellaneous
 u - a phantom mirror (inert)
 J - a phial of floods
 S - a figurine of a ziggurat


   Skills:
 O Level 27 Fighting
 + Level 18.8(25.7) Short Blades
 - Level 26.5(27) Long Blades
 - Level 15.0 Armour
 - Level 24.0 Dodging
 O Level 27 Stealth
 O Level 27 Spellcasting
 O Level 27 Hexes
 O Level 27 Invocations
 - Level 18.0 Evocations


You had 8 spell levels left.
You knew the following spells:

 Your Spells              Type           Power      Damage    Failure   Level
a - Ensorcelled Hibernat  Hex/Ice        100%       N/A       0%          2
b - Confusing Touch       Hex            100%       N/A       0%          3
c - Tukima's Dance        Hex            100%       N/A       0%          3
d - Slow                  Hex            100%       N/A       0%          1
e - Dazzling Flash        Conj/Hex       100%       N/A       0%          3
f - Enfeeble              Hex            67%        N/A       0%          7
g - Cause Fear            Hex            67%        N/A       0%          4
h - Summon Mana Viper     Hex/Summ       100%       N/A       1%          5
i - Discord               Hex            67%        N/A       1%          8
j - Yara's Violent Unrav  Hex/Tmut       52%        3d20      1%          5
k - Blink                 Tloc           100%       N/A       1%          2
l - Swiftness             Air            53%        N/A       1%          3
m - Fulminant Prism       Conj/Hex       52%        3d22      0%          4
n - Leda's Liquefaction   Hex/Erth       52%        N/A       0%          4
o - Anguish               Hex/Necr       52%        N/A       0%          4
p - Silence               Hex/Air        52%        N/A       1%          5
q - Metabolic Englaciati  Hex/Ice        52%        N/A       1%          5
r - Passage of Golubria   Tloc           53%        N/A       2%          4

Your spell library contained the following spells:

 Spells                   Type           Power      Damage    Failure   Level
 Inner Flame              Hex/Fire       100%       N/A       0%          3
 Portal Projectile        Hex/Tloc       100%       N/A       0%          3
 Summon Guardian Golem    Hex/Summ       100%       N/A       0%          3
 Apportation              Tloc           100%       N/A       1%          1
 Beastly Appendage        Tmut           100%       N/A       1%          1
 Foxfire                  Conj/Fire      100%       2x1d9     1%          1
 Freeze                   Ice            100%       1d10      1%          1
 Kiss of Death            Conj/Necr      100%       2d13      1%          1
 Magic Dart               Conj           100%       1d8       1%          1
 Necrotise                Necr           100%       1d9       1%          1
 Sandblast                Erth           100%       2d20      1%          1
 Shock                    Conj/Air       100%       1d9       1%          1
 Sting                    Tmut/Pois      100%       1d8       1%          1
 Summon Small Mammal      Summ           100%       N/A       1%          1
 Call Imp                 Summ           100%       N/A       1%          2
 Cigotuvi's Dreadful Rot  Necr/Pois/Air  100%       N/A       1%          2
 Lesser Beckoning         Tloc           100%       N/A       1%          2
 Momentum Strike          Conj/Tloc      100%       3d10      1%          2
 Passwall                 Tmut/Erth      44%        N/A       1%          2
 Poisonous Vapours        Pois/Air       100%       N/A       1%          2
 Scorch                   Fire           100%       2d9       1%          2
 Searing Ray              Conj           100%       2d8       1%          2
 Static Discharge         Conj/Air       100%       2-7/arc   1%          2
 Sublimation of Blood     Necr           53%        N/A       1%          2
 Wereblood                Tmut           53%        N/A       1%          2
 Call Canine Familiar     Summ           53%        N/A       1%          3
 Frozen Ramparts          Ice            100%       1d16      1%          3
 Gell's Gravitas          Tloc           53%        N/A       1%          3
 Hailstorm                Conj/Ice       53%        3d12      1%          3
 Ignite Poison            Fire/Tmut/Pois 53%        N/A       1%          3
 Mephitic Cloud           Conj/Pois/Air  53%        N/A       1%          3
 Ozocubu's Armour         Ice            53%        N/A       1%          3
 Spider Form              Tmut/Pois      53%        N/A       1%          3
 Stone Arrow              Conj/Erth      100%       3d13      1%          3
 Teleport Other           Tloc           53%        N/A       1%          3
 Vampiric Draining        Necr           53%        2d9       1%          3
 Vhi's Electric Charge    Tloc/Air       100%       N/A       1%          3
 Volatile Blastmotes      Fire/Tloc      100%       2d18      1%          3
 Airstrike                Air            26%        2d(4-20)  2%          4
 Animate Armour           Summ/Erth      100%       N/A       2%          4
 Animate Dead             Necr           53%        N/A       2%          4
 Dispel Undead            Necr           53%        3d19      2%          4
 Flame Wave               Conj/Fire      53%        2d13      2%          4
 Ice Form                 Ice/Tmut       53%        N/A       2%          4
 Iskenderun's Mystic Bla  Conj/Tloc      53%        2d11      2%          4
 Manifold Assault         Tloc           53%        N/A       2%          4
 Olgreb's Toxic Radiance  Pois           53%        N/A       2%          4
 Petrify                  Tmut/Erth      53%        N/A       2%          4
 Sticky Flame             Conj/Fire      53%        2d7       2%          4
 Summon Ice Beast         Ice/Summ       53%        N/A       2%          4
 Summon Lightning Spire   Summ/Air       53%        N/A       2%          4
 Agony                    Necr           53%        N/A       8%          5
 Alistair's Intoxication  Tmut/Pois      35%        N/A       8%          5
 Arcjolt                  Conj/Air       26%        1d36      8%          5
 Blade Hands              Tmut           26%        N/A       8%          5
 Borgnjor's Vile Clutch   Necr/Erth      26%        N/A       8%          5
 Fireball                 Conj/Fire      26%        3d12      8%          5
 Freezing Cloud           Conj/Ice/Air   26%        6-21      8%          5
 Irradiate                Conj/Tmut      26%        3d20      8%          5
 Iskenderun's Battlesphe  Conj           53%        2d10      8%          5
 Lee's Rapid Deconstruct  Erth           26%        3d14*     8%          5
 Summon Forest            Summ/Tloc      26%        N/A       8%          5
 Conjure Ball Lightning   Conj/Air       26%        3x3d7     41%         6
 Death Channel            Necr           26%        N/A       41%         6
 Dispersal                Tloc           26%        N/A       41%         6
 Eringya's Noxious Bog    Tmut/Pois      26%        N/A       41%         6
 Iron Shot                Conj/Erth      26%        9d6       41%         6
 Plasma Beam              Fire/Air       26%        2x1d42    41%         6
 Simulacrum               Ice/Necr       26%        N/A       41%         6
 Starburst                Conj/Fire      26%        6d8       41%         6
 Statue Form              Tmut/Erth      35%        N/A       41%         6
 Summon Cactus Giant      Summ           26%        N/A       41%         6
 Dragon Form              Tmut           26%        N/A       94%         7
 Haunt                    Necr/Summ      26%        N/A       94%         7
 Malign Gateway           Summ/Tloc      26%        N/A       94%         7
 Monstrous Menagerie      Summ           26%        N/A       94%         7
 Orb of Destruction       Conj           26%        9d9       94%         7
 Ozocubu's Refrigeration  Ice            26%        4d13      94%         7
 Spellforged Servitor     Conj/Summ      26%        N/A       94%         7
 Storm Form               Tmut/Air       26%        N/A       94%         7
 Summon Hydra             Summ           26%        N/A       94%         7
 Disjunction              Tloc           26%        N/A       100%        8
 Ignition                 Fire           26%        3d9       100%        8
 Infestation              Necr           26%        N/A       100%        8
 Lehudib's Crystal Spear  Conj/Erth      26%        10d7      100%        8
 Maxwell's Capacitive Co  Air            26%        ∞         100%        8
 Summon Horrible Things   Summ           26%        N/A       100%        8
 Chain Lightning          Conj/Air       26%        3d35      100%        9
 Dragon's Call            Summ           26%        N/A       100%        9
 Fire Storm               Conj/Fire      26%        8d7       100%        9
 Polar Vortex             Ice            26%        N/A       100%        9
 Shatter                  Erth           26%        3d22*     100%        9
 Borgnjor's Revivificati  Necr           Unusable   N/A       N/A         8

Dungeon Overview and Level Annotations

Branches:
Dungeon (15/15)            Temple (1/1) D:6            Lair (5/5) D:10
 Shoals (4/4) Lair:3        Snake (4/4) Lair:2        Slime (5/5) Lair:5
    Orc (2/2) D:12            Elf (3/3) Orc:2        Vaults (5/5) D:14
  Crypt (3/3) Vaults:2       Tomb (3/3) Crypt:3      Depths (4/4) D:15
   Hell (visited)             Dis (7/7) Hell            Geh (7/7) Hell
    Coc (7/7) Hell            Tar (7/7) Hell            Zot (5/5) Depths:4
Ossuary (visited)          Bailey (visited)           IceCv (visited)

Altars:
Ashenzari
Cheibriados
Dithmenos
Fedhas
Gozag
Hepliaklqana
Kikubaaqudgha
Makhleb
Nemelex Xobeh
Okawaru
Qazlal
Ru
Sif Muna
Trog
Uskayaw
Vehumet
Wu Jian
Xom
Yredelemnul
Jiyva
Lugonu

Shops:
D:3 =   D:5 =   D:6 [   D:8 *:**   D:12 :   Orc:2 *:**   Elf:1 :   Shoals:1 =
Vaults:1 :

Portals:
Hell: Depths:1 Depths:2 Depths:3 Depths:4
Abyss: Lair:5 Crypt:1 Depths:3 Depths:4
Pandemonium: Depths:2
Ziggurat: Depths:4

Annotations:
Dis:5 36 runed doors
Geh:7 Serpent of Hell


Innate Abilities, Weirdness & Mutations

You do not regenerate when monsters are visible.
You are frail without blood (-20% HP).
You can heal yourself when you bite living creatures.
You are immune to poison.
You have razor-sharp teeth.
You have supernaturally acute eyesight. (SInv)
You are afflicted with vampirism and can become a bat while bloodless.
You are agile. (Dex +4, Str/Int -1)


Message History

A mana viper appears with a sibilant hiss.
You slice the Orb Guardian!!
The Orb Guardian is severely wounded.
Your mana viper bites the Orb Guardian but does no damage.
The Orb Guardian is lost in a daze.
You catch the helpless Orb Guardian completely off-guard!
You open the Orb Guardian like a pillowcase!!!
You kill the Orb Guardian!
Sif Muna accepts your kill.
Really quaff the potion of mutation?
Really drink that potion of mutation while resistant to mutation?
You feel extremely strange.
You feel robust.
You feel weirdly uncertain.
Unknown command.
Unknown command.
Really quaff the potion of mutation?
Really drink that potion of mutation while resistant to mutation?
You feel extremely strange.
You feel stable.
Really quaff the potion of mutation?
Really drink that potion of mutation while resistant to mutation?
You feel extremely strange.
Okay, then.
Unknown command.
Really quaff the potion of mutation?
Really drink that potion of mutation while resistant to mutation?
You feel extremely strange.
Your body twists and deforms.
Unknown command.
Really quaff the potion of mutation?
Really drink that potion of mutation while resistant to mutation?
You feel extremely strange.
Your body's shape seems more normal.
You feel agile.
Unknown command.
You start resting.
Magic restored.
You start resting.
Your mana viper disappears in a puff of smoke!
A blizzard demon comes into view.
You have escaped!

#≈≈#.#..#..#.#≈≈.# #.##.#
##≈≈#.#..#..#.#≈≈.###### #.##+#
##...'.'.8#8.'.'........# #.....
#..≈≈#.#..#..#.#≈≈......# #.....
##.#≈≈#.#..#..#.#≈≈......###.....
#..#≈≈#.#.....#.#≈≈.##...........
#.##≈##+###'###'##≈.##.#####.....
..##≈#..+.....'..#≈.##.##.##.....
####≈#8.#######.@#≈.##.##.##.....
# #≈####≈≈≈≈≈####≈.##.##.##.##.#
# #≈≈≈≈≈≈≈≈≈≈≈≈≈≈≈.##.##.##.##.#
##############......##.##.##.#
#.#........#.##.#
#.###.###..#....# ########
#2............... .......#
#......##..####.#
#####.###########'####.....####.#


You could see a blizzard demon.

Vanquished Creatures
  Ereshkigal (Tar:7)
  Ignacio (Pan)
  3 dread liches
  3 ancient liches
  2 orbs of fire (Zot:5)
  11 royal mummies
  Boris (Tomb:3)
  2 shard shrikes (Coc:7)
  Bai Suzhen (Elf:3)
  4 Killer Klowns
  16 caustic shrikes
  9 golden dragons
  2 curse toes
  15 profane servitors
  Jory (Crypt:2)
  4 Tzitzimimeh
  5 bone dragons (Abyss:3)
  An electric golem (Zot:5)
  3 hellephants
  7 doom hounds
  6 iron giants (Dis:7)
  A spectral shard shrike (Tar:6)
  2 Hell Sentinels
  18 tentacled monstrosities
  4 liches
  3 Brimstone Fiends
  22 tainted leviathans
  7 Ice Fiends
  19 Orb Guardians
  Asterion (Vaults:1)
  3 titans
  7 quicksilver dragons
  18 searing wretches
  A deep elf blademaster (Elf:3)
  13 acid blobs
  7 death cobs
  44 Executioners (Pan)
  A walking frostbound tome (Depths:3)
  3 sphinxes
  7 tentacled starspawn (Abyss:3)
  Gastronok (Lair:3)
  5 ancient champions
  3 pandemonium lords
  8 shadow dragons
  7 storm dragons
  4 tengu reavers
  A revenant (Crypt:3)
  8 demonspawn warmongers (Pan)
  3 draconian monks
  3 rockslimes
  2 narguns
  10 azure jellies
  5 frost giants
  3 nagarajas
  3 deep elf sorcerers
  10 iron dragons
  11 balrugs
  A spectral juggernaut (Tar:1)
  2 quicksilver elementals (Dis:1)
  A fire giant (Geh:3)
  Aizul (Snake:3)
  3 vault wardens
  4 shard shrike simulacra (Coc:7)
  An angel (Pan)
  A draconian scorcher (Zot:4)
  An ironbound preserver (Vaults:3)
  A draconian annihilator (Pan)
  A demonspawn corrupter (D:3)
  A draconian shifter (Zot:4)
  5 cacodemons
  3 spectral caustic shrikes
  2 caustic shrike skeletons (Pan)
  A stone giant (Depths:3)
  5 vampire knights
  13 war gargoyles
  5 reapers
  2 spriggan defenders
  An ironbound thunderhulk (Vaults:3)
  4 demonspawn blood saints (Pan)
  6 very ugly things
  A juggernaut skeleton (Pan)
  An apis (Pan)
  A quicksilver ooze (Slime:3)
  8 elemental wellsprings
  Nessos (D:12)
  A spectral titan (Tar:6)
  A deep elf demonologist (Abyss:3)
  A black draconian (Zot:3)
  A deep elf annihilator (Elf:3)
  A demonspawn black sun (Pan)
  20 lorocyprocas
  4 wendigos
  2 green draconians
  2 red draconians (Zot:4)
  4 white draconians
  16 putrid mouths
  A dire elephant (Vaults:2)
  3 bennus
  2 purple draconians
  A yellow draconian (Zot:1)
  2 deep elf death magi
  5 spark wasps
  15 blizzard demons (Pan)
  17 starcursed masses
  2 ettins (Vaults:5)
  2 jiangshi
  2 spectral quicksilver dragons (Crypt:3)
  3 eidola
  2 mummy priests
  5 yaktaur captains
  3 merfolk impalers
  Josephine (Lair:3)
  2 great orbs of eyes
  An iron golem (Dis:5)
  A merfolk javelineer (Shoals:3)
  7 green deaths (Pan)
  A spectral kraken (Tar:7)
  2 entropy weavers
  5 fire dragons
  2 deep elf high priests
  A spectral iron giant (Tar:6)
  3 caustic shrike simulacra
  A quicksilver dragon skeleton (Pan)
  3 rakshasas
  4 juggernaut simulacra
  A hell beast (Pan)
  4 hydras
  5 ice dragons
  6 salamander tyrants
  15 vault guards
  An ogre mage (D:15)
  Erolcha (D:13)
  A spriggan air mage (Depths:4)
  2 peacekeepers
  2 ironbound frosthearts
  8 anacondas
  A satyr (Shoals:1)
  3 catoblepae
  A merfolk aquamancer (Shoals:4)
  11 dancing weapons
  5 spriggan skeletons (Pan)
  4 two-headed ogres
  3 centaur warriors
  4 stokers
  A boulder beetle (D:12)
  6 death yaks
  Urug (Lair:2)
  8 naga warriors
  2 tengu warriors
  15 death scarabs
  2 deep troll earth magi
  13 thrashing horrors
  2 spectral nagas (Tar:6)
  2 spectral dire elephants
  2 vampire magi (Crypt:3)
  4 orc high priests
  5 hell hogs
  A spectral storm dragon (Crypt:3)
  2 naga sharpshooters (Snake:4)
  2 shock serpents
  73 sun demons
  2 titan skeletons (Pan)
  8 deep elf knights
  38 soul eaters
  The ghost of soepkip the Basher, a novice MiMo of Okawaru (D:7)
  2 crystal echidnas (Dis:6)
  8 shadow wraiths
  2 iron trolls (Depths:3)
  4 skeletal warriors
  8 wretched stars (Abyss:3)
  20 sixfirhies
  A salamander mystic (Snake:2)
  A death drake (shapeshifter) (Lair:5)
  A spectral anaconda (Tar:1)
  11 deep trolls
  4 glowing orange brains
  8 skysharks
  A bunyip zombie (Abyss:3)
  5 flayed ghosts
  6 quicksilver dragon simulacra
  14 sea snakes
  An anaconda zombie (Abyss:3)
  2 kraken simulacra (Coc:7)
  6 ironbound convokers
  2 shadow demons
  A golden dragon skeleton (Crypt:3)
  A lindwurm (Vaults:1)
  2 anaconda skeletons (Pan)
  3 deep elf archers
  83 large abominations
  A bunyip skeleton (Pan)
  Pikel (D:5)
  A spectral iron dragon (Tar:3)
  A necromancer (Lair:5)
  A bog body (Crypt:3)
  4 orc knights (Orc:2)
  7 deep elf pyromancers
  6 deep elf zephyrmancers
  5 wizards
  A goliath frog zombie (Crypt:3)
  4 harpies
  10 phantasmal warriors
  5 orc sorcerers (Orc:2)
  15 ugly things
  6 cyclopes
  5 fauns
  A goliath frog skeleton (Crypt:1)
  4 mana vipers
  12 manticores
  A wolf spider (D:13)
  6 salamanders
  A spectral centaur (Crypt:3)
  A shining eye (Slime:4)
  A worldbinder (Abyss:3)
  A cyclops (shapeshifter) (Vaults:5)
  9 moths of wrath
  2 iron dragon skeletons (Pan)
  A merfolk siren (Shoals:2)
  12 black mambas
  A draconian skeleton (Pan)
  A stone giant skeleton (Pan)
  5 vault sentinels
  4 ice statues
  A titan simulacrum (Coc:1)
  A guardian serpent (Snake:4)
  59 smoke demons
  4 molten gargoyles (Geh:7)
  23 demonic crawlers
  4 rust devils
  2 naga magi
  7 elephants
  10 cane toads
  An apocalypse crab (Abyss:3)
  10 orange demons
  8 spectral swamp worms (Tar:7)
  4 water nymphs
  A gargoyle (D:11)
  A naga skeleton (Pan)
  A storm dragon simulacrum (Coc:1)
  18 hellions
  A minotaur zombie (Crypt:3)
  A rime drake (shapeshifter) (Lair:5)
  An unseen horror (D:11)
  A kobold demonologist (Abyss:1)
  4 efreet
  2 dire elephant skeletons
  4 anaconda simulacra
  2 rime drakes (D:11)
  8 komodo dragons
  4 yaktaurs
  An iron troll zombie (Crypt:1)
  15 tormentors
  A white draconian skeleton (Crypt:3)
  2 iron giant simulacra
  8 guardian mummies
  2 silent spectres
  2 bunyip simulacra
  A death drake zombie (Crypt:3)
  8 freezing wraiths
  8 ancient zymes
  A red devil (Pan)
  9 ice devils
  3 polar bears
  6 trolls
  2 golden dragon simulacra
  2 spectral harpies
  11 merfolk
  2 wind drakes
  23 hellwings
  18 raiju
  3 harpy skeletons
  A mana viper skeleton (Crypt:3)
  A hornet (D:9)
  21 blink frogs
  A stone giant simulacrum (Coc:2)
  16 dream sheep
  3 iron dragon simulacra
  4 snapping turtles
  2 air elementals (Elf:1)
  41 ynoxinuls
  A culicivora (shapeshifter) (Abyss:3)
  10 wraiths
  6 centaur simulacra
  6 spriggans
  4 flying skulls
  22 slime creatures
  4 ushabtiu
  5 wyverns
  3 water elementals
  7 dire elephant simulacra
  A yak (shapeshifter) (D:14)
  60 yaks
  7 basilisks
  A golden eye (Abyss:3)
  An ettin skeleton (Pan)
  2 black mamba skeletons (Pan)
  33 chaos spawn
  13 vampire mosquitoes
  A death yak simulacrum (IceCv)
  A steam dragon (D:8)
  A steam dragon (shapeshifter) (Abyss:3)
  21 neqoxecs
  An alligator snapping turtle simulacrum (Hell)
  Menkaure (D:4)
  A warg (Orc:1)
  A demonspawn zombie (Crypt:3)
  12 harpy simulacra
  9 nagas
  Duvessa (D:5)
  3 hydra simulacra
  2 acid dragons (D:9)
  2 hell hounds (D:15)
  14 water moccasins
  A demonspawn skeleton (Pan)
  2 ice beasts
  13 orc warriors
  An ettin simulacrum (Coc:5)
  4 black bears
  6 ogres
  10 wolves
  A boggart (Vaults:2)
  3 centaurs
  A hog skeleton (Crypt:3)
  2 lemures (D:5)
  An elf zombie (Elf:1)
  2 phantoms
  3 earth elementals
  3 kobold brigands
  3 scorpions
  4 two-headed ogre simulacra (IceCv)
  11 bullfrogs
  2 gnoll sergeants
  A cane toad simulacrum (IceCv)
  5 wights
  Dowan (D:5)
  A spriggan zombie (Crypt:2)
  11 killer bees
  28 small abominations
  A polar bear skeleton (Crypt:1)
  An electric eel (Lair:3)
  3 howler monkeys
  5 crimson imps (Pan)
  8 quasits
  10 jellies
  13 orc priests
  3 centaur skeletons
  5 hounds
  3 iron imps
  4 sleepcaps
  4 iguanas
  Ijyb (D:4)
  16 orc wizards
  3 spriggan simulacra
  6 polar bear simulacra
  2 troll simulacra (IceCv)
  A yak simulacrum (Lair:5)
  4 wolf simulacra
  18 mummies
  18 gnolls
  5 adders
  4 naga simulacra
  3 shadow imps (D:6)
  19 white imps
  6 ufetubi
  A lava snake skeleton (Crypt:3)
  2 dart slugs
  A worm (D:4)
  42 orcs
  7 endoplasms
  2 giant cockroaches (D:4)
  2 gnoll zombies (Ossuary)
  5 goblins
  9 hobgoblins
  7 jackals
  23 kobolds
  4 quokkas
  4 ball pythons
  A ball python skeleton (Crypt:2)
  3 bats
  An endoplasm zombie (Crypt:1)
  5 frilled lizards
  3 hobgoblin zombies (Ossuary)
  A jackal zombie (Crypt:1)
  2 kobold zombies
  2 orc zombies (Ossuary)
  A quokka skeleton (Crypt:1)
  8 rats
  3 river rat simulacra (Lair:5)
  A creeping inferno (Geh:7)
  5 fire vortices
  4 tentacles (Tar:7)
2289 creatures vanquished.

Vanquished Creatures (collateral kills)
  Cerebov (Pan)
  Antaeus (Coc:7)
  Asmodeus (Geh:7)
  the Royal Jelly (Slime:5)
  Gloorx Vloq (Pan)
  Lom Lobon (Pan)
  Mnoleg (Pan)
  Khufu (Tomb:3)
  Dispater (Dis:7)
  5 dread liches
  12 ancient liches
  Tiamat (Zot:3)
  23 royal mummies
  6 shard shrikes
  2 Killer Klowns (Zot:5)
  42 caustic shrikes
  2 curse toes
  Geryon (Hell)
  5 pandemonium lords
  3 golden dragons
  4 profane servitors (Tar:7)
  A bone dragon (Depths:4)
  15 Brimstone Fiends
  3 doom hounds
  An electric golem (Zot:5)
  17 Tzitzimimeh
  2 spectral shard shrikes (Tar:3)
  3 iron giants
  7 tentacled monstrosities
  11 Orb Guardians (Zot:5)
  2 tainted leviathans (Tar:3)
  20 Ice Fiends
  2 hellephants
  22 Hell Sentinels
  10 liches
  9 titans
  2 deep elf blademasters
  A walking frostbound tome (Depths:4)
  A quicksilver dragon (Vaults:5)
  A deep elf master archer (Elf:3)
  3 searing wretches
  25 acid blobs
  2 tentacled starspawn (Abyss:3)
  18 Executioners (Pan)
  An eldritch tentacle (Depths:4)
  Polyphemus (Shoals:3)
  12 ancient champions
  6 sphinxes
  4 tengu reavers
  7 storm dragons
  2 shadow dragons
  Ilsuiw (Shoals:4)
  6 revenants
  7 demonspawn warmongers (Pan)
  2 daevas (Pan)
  4 nagarajas
  16 fire giants
  19 frost giants
  5 rockslimes
  4 draconian scorchers
  13 azure jellies
  4 draconian knights
  3 vault wardens
  5 quicksilver elementals
  5 deep elf sorcerers
  18 narguns
  37 balrugs
  A ghost moth (Zot:5)
  4 draconian shifters
  6 iron dragons
  2 deep elf elementalists
  4 curse skulls
  29 reapers
  19 cacodemons
  7 draconian annihilators
  2 spectral caustic shrikes
  7 ironbound preservers
  2 shard shrike simulacra
  4 draconian stormcallers
  7 quicksilver oozes
  6 demonspawn corrupters (Pan)
  A caustic shrike skeleton (Pan)
  27 very ugly things
  15 war gargoyles
  3 vampire knights
  5 stone giants
  6 ironbound thunderhulks
  9 green draconians
  8 demonspawn blood saints (Pan)
  7 deep elf annihilators
  2 deep elf demonologists (Elf:3)
  20 lorocyprocas
  21 wendigos
  10 white draconians
  3 putrid mouths (Tar:7)
  3 dire elephants (Vaults:2)
  6 demonspawn black suns
  17 red draconians
  11 yellow draconians
  11 starcursed masses
  Azrael (D:15)
  15 elemental wellsprings
  8 black draconians
  The ghost of fedoskokos the Severer, a journeyman MiFi of Okawaru (D:13)
  4 spark wasps
  7 purple draconians
  A bennu (Tomb:2)
  11 iron golems
  8 eidola
  7 ettins
  4 green deaths (Pan)
  16 mummy priests
  3 merfolk javelineers
  10 blizzard demons (Pan)
  A spectral kraken (Tar:7)
  2 crystal guardians (Abyss:3)
  5 great orbs of eyes
  A fire dragon (Zot:1)
  5 merfolk impalers (Shoals:4)
  4 deep elf death magi
  A spectral quicksilver dragon (Tar:3)
  5 jiangshi
  A deep elf high priest (Vaults:4)
  7 yaktaur captains
  A great orb of eyes (shapeshifter) (Abyss:3)
  9 rakshasas
  2 ice dragons
  7 caustic shrike simulacra
  17 vault guards
  3 ironbound frosthearts (Vaults:3)
  A peacekeeper (Vaults:4)
  An ogre mage (D:14)
  A centaur warrior (D:13)
  2 juggernaut simulacra
  A catoblepas (D:13)
  7 salamander tyrants
  3 merfolk avatars (Shoals:4)
  3 hell beasts (Pan)
  Erica (D:8)
  An anaconda (shapeshifter) (Abyss:3)
  3 boulder beetles (D:13)
  2 stokers (Geh:6)
  An alligator (shapeshifter) (Vaults:5)
  A spectral human (Crypt:3)
  2 death knights
  3 two-headed ogres
  12 naga warriors
  120 dancing weapons
  6 thrashing horrors (Abyss:3)
  4 merfolk aquamancers (Shoals:4)
  2 anacondas (Snake:4)
  19 naga sharpshooters
  2 satyrs
  18 hell hogs
  A spectral stone giant (Tar:3)
  3 spectral storm dragons (Crypt:3)
  63 death scarabs
  A death yak (Shoals:3)
  2 vampire magi
  58 sun demons
  3 deep troll shamans
  2 deep troll earth magi (Depths:3)
  4 hell knights
  3 spectral dire elephants
  3 spriggan berserkers
  2 tengu warriors
  25 soul eaters
  12 deep elf knights
  6 wretched stars (Abyss:3)
  5 crystal echidnas
  3 salamander mystics
  15 sixfirhies
  12 skeletal warriors
  A spectral bunyip (Crypt:3)
  14 deep trolls
  2 iron trolls (Depths:4)
  10 naga ritualists
  A spatial maelstrom (Abyss:3)
  A golden dragon zombie (Tomb:2)
  8 sea snakes
  8 shadow wraiths
  7 glowing orange brains
  6 shadow demons
  2 flayed ghosts
  5 spriggan simulacra
  3 spectral anacondas
  7 deep elf archers
  10 ironbound convokers
  5 wizards
  A swamp dragon (Zot:1)
  A necromancer (Elf:1)
  16 deep elf pyromancers
  6 lindwurms
  87 large abominations
  A mana viper (shapeshifter) (Abyss:3)
  19 deep elf zephyrmancers
  10 phantasmal warriors
  4 oklob plants (Zot:1)
  8 fauns (Shoals:3)
  A shadow dragon skeleton (Pan)
  A cyclops (D:14)
  8 mana vipers
  A shadow dragon zombie (Crypt:2)
  9 manticores
  9 moths of wrath
  16 salamanders
  29 ugly things
  2 spectral centaurs
  6 merfolk sirens
  A dire elephant zombie (Tomb:1)
  An apocalypse crab (Abyss:1)
  97 slime creatures
  5 worldbinders
  20 black mambas
  An eye of devastation (Slime:5)
  8 guardian serpents
  A water nymph (Shoals:4)
  10 naga magi
  7 vault sentinels
  Maurice (D:8)
  43 smoke demons
  4 molten gargoyles (Geh:7)
  22 orange demons
  3 titan simulacra
  8 demonic crawlers (Pan)
  6 rust devils
  4 ice statues (Coc:4)
  A centaur skeleton (Pan)
  2 dire elephant skeletons
  9 unseen horrors (Abyss:3)
  A komodo dragon (D:13)
  13 efreet
  18 hellions
  A bunyip simulacrum (Coc:1)
  14 yaktaurs
  14 tormentors
  13 freezing wraiths
  2 red devils (Pan)
  A golden dragon simulacrum (Coc:4)
  5 spectral harpies
  3 tengu conjurers
  A mana viper zombie (Crypt:3)
  2 spectral nagas
  2 ice devils
  5 anaconda simulacra
  27 guardian mummies
  An iron giant simulacrum (Coc:6)
  19 hellwings (Pan)
  A meliai (shapeshifter) (Vaults:5)
  3 ancient zymes
  A hydra zombie (Crypt:2)
  A silent spectre (Tar:4)
  A merfolk (shapeshifter) (D:13)
  5 wind drakes (Shoals:4)
  22 merfolk
  A radroach zombie (Crypt:2)
  4 hornets
  A tarantella zombie (Crypt:1)
  10 raiju (Abyss:3)
  A tarantella (Vaults:3)
  A blink frog (Abyss:3)
  A harpy skeleton (Pan)
  A blink frog (shapeshifter) (Abyss:3)
  2 stone giant simulacra
  4 iron dragon simulacra (Coc:4)
  8 snapping turtles
  27 flying skulls
  An alligator zombie (Crypt:2)
  Sigmund (D:4)
  4 spriggans
  2 shadows (Crypt:3)
  5 air elementals
  A culicivora (Vaults:3)
  11 ushabtiu
  18 ynoxinuls
  3 naga simulacra
  2 wraiths (Crypt:3)
  2 ettin skeletons (Pan)
  5 water elementals
  6 dire elephant simulacra
  4 golden eyes (Abyss:3)
  A human (D:14)
  3 fire elementals
  35 neqoxecs
  7 small abominations
  A vampire mosquito (D:13)
  23 chaos spawn
  A redback (shapeshifter) (Abyss:3)
  16 harpy simulacra
  31 nagas
  2 hell hounds
  A floating eye (shapeshifter) (Depths:1)
  A hydra simulacrum (Coc:4)
  A naga skeleton (Pan)
  5 orc warriors
  3 floating eyes
  4 ettin simulacra
  A sky beast (Abyss:3)
  3 boggarts (Vaults:2)
  10 ogres
  2 gnoll sergeants
  A necrophage (Crypt:3)
  2 elf zombies (Elf:1)
  A demonspawn simulacrum (Coc:1)
  2 earth elementals
  2 wights (D:9)
  3 electric eels (Snake:2)
  A quasit (Abyss:3)
  11 jellies (Zot:1)
  4 orc priests
  An iron imp (Abyss:3)
  4 orc wizards
  35 mummies
  2 gnolls (D:10)
  A white imp (Abyss:3)
  3 ufetubi
  7 orcs
  2 goblins (D:8)
  2 hobgoblins (D:8)
  A ball lightning (Pan)
  5 creeping infernos
  19 fire vortices
  3 lurking horrors (Abyss:3)
  A spectral weapon (Elf:3)
2511 creatures vanquished.

Vanquished Creatures (others)
  6 royal mummies
  A Killer Klown (Zot:5)
  2 pandemonium lords (Pan)
  15 caustic shrikes
  A profane servitor (Tar:7)
  A doom hound (Hell)
  An iron giant (Dis:7)
  A tentacled monstrosity (Vaults:5)
  3 Orb Guardians (Zot:5)
  A titan (Coc:4)
  An acid blob (Zot:1)
  A deep elf master archer (Elf:3)
  An ancient champion (Dis:6)
  A death cob (Zot:1)
  2 sphinxes (Tomb:1)
  7 Executioners (Pan)
  2 storm dragons (Zot:1)
  2 tengu reavers
  A shadow dragon (Vaults:5)
  A demonspawn warmonger (Pan)
  A daeva (Pan)
  A draconian knight (Zot:1)
  A nargun (Coc:7)
  5 rockslimes
  2 azure jellies
  3 fire giants
  4 balrugs (Pan)
  2 iron dragons
  A deep elf sorcerer (Elf:3)
  2 draconian scorchers
  A ghost moth (Zot:4)
  2 ironbound preservers (Vaults:3)
  4 cacodemons (Pan)
  3 stone giants
  A ghoul (Crypt:3)
  A deep elf elementalist (Elf:3)
  3 draconian shifters (Zot:1)
  A demonspawn corrupter (Pan)
  2 draconian annihilators
  5 demonspawn blood saints (Pan)
  A war gargoyle (Dis:7)
  5 green draconians
  A deep elf demonologist (Elf:3)
  A putrid mouth (Tar:2)
  2 vampire knights
  5 very ugly things
  4 purple draconians
  2 black draconians
  2 demonspawn black suns (Pan)
  3 deep elf annihilators
  5 yellow draconians
  4 lorocyprocas (Pan)
  2 white draconians
  4 wendigos
  2 red draconians
  3 spark wasps (Depths:1)
  2 deep elf death magi (Elf:3)
  A blizzard demon (Pan)
  2 ettins
  An eidolon (Crypt:3)
  A mummy priest (Tomb:3)
  A fire dragon (Zot:1)
  A deep elf high priest (Vaults:5)
  A yaktaur captain (Vaults:4)
  A jiangshi (Crypt:3)
  A rakshasa (Pan)
  2 vault guards (Vaults:5)
  3 ice dragons
  2 spriggan air magi
  4 salamander tyrants
  A stoker (Geh:6)
  A two-headed ogre (D:13)
  3 anacondas
  A juggernaut simulacrum (Coc:4)
  A satyr (Shoals:3)
  An ironbound frostheart (Vaults:3)
  13 death scarabs (Tomb:3)
  2 naga warriors
  8 hell hogs
  2 thrashing horrors (Abyss:3)
  4 naga sharpshooters (Snake:2)
  8 sun demons (Pan)
  3 hell knights (Depths:1)
  8 soul eaters
  A shock serpent (Snake:4)
  2 deep elf knights (Elf:3)
  A skeletal warrior (Tomb:2)
  A salamander mystic (Snake:4)
  6 sixfirhies (Pan)
  3 sea snakes
  3 shadow wraiths
  4 shadow demons
  5 deep trolls
  A kraken simulacrum (Coc:7)
  2 flayed ghosts (Crypt:3)
  2 wizards
  A lindwurm (Vaults:1)
  A deep elf archer (Elf:2)
  3 ironbound convokers
  A necromancer (Elf:1)
  4 deep elf zephyrmancers
  9 deep elf pyromancers
  An orc sorcerer (Elf:1)
  2 mana vipers
  8 ugly things
  A faun (Shoals:3)
  A worldbinder (Abyss:3)
  A salamander (shapeshifter) (Vaults:5)
  3 salamanders
  3 rust devils
  4 moths of wrath
  A merfolk siren (Shoals:4)
  2 black mambas
  An apocalypse crab (Abyss:3)
  8 orange demons
  11 smoke demons
  5 naga magi
  A demonic crawler (Pan)
  8 hellions
  2 unseen horrors (Abyss:3)
  2 efreet (Pan)
  An ice devil (Pan)
  3 yaktaurs (Vaults:3)
  3 freezing wraiths (Crypt:3)
  10 guardian mummies
  2 merfolk (Shoals:4)
  2 tengu conjurers
  A tormentor (Geh:7)
  A hornet (shapeshifter) (Elf:1)
  6 hellwings (Pan)
  3 starcursed masses (Abyss:3)
  A blink frog (shapeshifter) (Vaults:5)
  A blink frog (Abyss:3)
  A large abomination (Abyss:3)
  5 raiju (Abyss:3)
  2 iron dragon simulacra
  16 slime creatures
  3 flying skulls
  9 ynoxinuls
  37 dancing weapons
  A wraith (Crypt:1)
  A redback (Vaults:3)
  4 neqoxecs
  8 chaos spawn (Pan)
  A vampire mosquito (D:14)
  5 nagas
  A hell hound (Abyss:3)
  An ettin simulacrum (Coc:4)
  A necrophage (Crypt:3)
  An electric eel (Snake:2)
  2 jellies (Zot:1)
  An orc wizard (D:12)
  4 mummies
  A white imp (IceCv)
  An orc (Orc:2)
  2 ball lightnings (Pan)
  A creeping inferno (Hell)
  12 fire vortices
  A fulminant prism (Coc:7)
  2 lurking horrors
  A spectral weapon (Vaults:1)
  7 starspawn tentacles (Abyss:3)
  24 tentacles
526 creatures vanquished.

Grand Total: 5326 creatures vanquished

Notes
Turn   | Place    | Note
-------+----------+-------------------------------------------
     0 | D:1      | Gabide the Vampire Enchanter began the quest for the Orb.
     0 | D:1      | Reached XP level 1. HP: 13/13 MP: 3/3
    95 | D:1      | Reached skill level 5 in Hexes
   183 | D:1      | Reached XP level 2. HP: 7/19 MP: 5/5
   214 | D:1      | Learned a level 2 spell: Ensorcelled Hibernation
  1201 | D:2      | Gained mutation: You are afflicted with vampirism and can
                  | become a bat while bloodless. [Vampire growth]
  1201 | D:2      | Reached XP level 3. HP: 24/24 MP: 3/6
  2088 | D:2      | Learned a level 3 spell: Confusing Touch
  2092 | D:2      | Learned a level 3 spell: Tukima's Dance
  2191 | D:3      | Found Mezxaj's Jewellery Shoppe.
  2365 | D:3      | Reached XP level 4. HP: 30/30 MP: 8/8
  2614 | D:3      | Learned a level 1 spell: Slow
  2794 | D:3      | Identified the +1 leather armour of Theory {-Tele rPois
                  | rN+}
  2945 | D:3      | Noticed a phantom
  2955 | D:3      | Killed a phantom
  2956 | D:3      | Reached XP level 5. HP: 19/35 MP: 2/11
  3207 | D:3      | Reached skill level 5 in Spellcasting
  3237 | D:3      | Reached XP level 6. HP: 17/41 MP: 1/13
  3521 | D:4      | Noticed Ijyb
  3565 | D:4      | Killed Ijyb
  3688 | D:4      | Found a hazy altar of Hepliaklqana.
  3819 | D:4      | Noticed Sigmund
  3824 | D:4      | Killed Sigmund
  4010 | D:4      | Reached XP level 7. HP: 46/46 MP: 4/16
  4189 | D:4      | Found a hide-covered altar of Uskayaw.
  4193 | D:4      | Noticed Menkaure
  4203 | D:4      | Killed Menkaure
  4230 | D:4      | Found a radiant altar of Vehumet.
  4510 | D:5      | Entered Level 5 of the Dungeon
  4620 | D:5      | Reached skill level 5 in Short Blades
  4737 | D:5      | Noticed Pikel
  4806 | D:5      | Killed Pikel
  4807 | D:5      | Reached skill level 5 in Dodging
  4807 | D:5      | Reached XP level 8. HP: 32/52 MP: 0/17
  4984 | D:5      | Found Tohu Zot's Jewellery Shop.
  5134 | D:5      | Reached skill level 1 in Fighting
  5364 | D:5      | Noticed Duvessa
  5376 | D:5      | Noticed Dowan
  5378 | D:5      | Killed Duvessa
  5382 | D:5      | Killed Dowan
  5540 | D:5      | Identified the +10 long sword "Tacyteg" {flame, Int-5 Dex+4
                  | Stlth+}
  5798 | D:6      | Reached XP level 9. HP: 56/66 MP: 15/18
  6019 | D:6      | Found a shimmering altar of Xom.
  6027 | D:6      | Found a staircase to the Ecumenical Temple.
  6084 | Temple   | Entered the Ecumenical Temple
  6090 | Temple   | Became a worshipper of Sif Muna the Loreminder
  6144 | D:6      | Reached skill level 5 in Fighting
  6551 | D:6      | Found Gaonomaj's Antique Armour Shoppe.
  7418 | D:7      | Found a burning altar of Makhleb.
  7505 | D:7      | Reached * piety under Sif Muna
  7578 | D:7      | Found a sand-covered staircase.
  7593 | Ossuary  | Entered an ossuary
  7950 | D:7      | Found a transporter.
  8134 | D:7      | Found a broken altar of Ashenzari.
  8154 | D:7      | Reached skill level 10 in Hexes
  8240 | D:7      | Found a transporter.
  8435 | D:7      | Noticed soepkip's ghost (novice MiMo)
  9055 | D:7      | Killed soepkip's ghost
  9056 | D:7      | Reached XP level 10. HP: 54/76 MP: 19/19
  9058 | D:7      | Identified the ring of Jietan {rCorr Dex+6}
  9104 | D:7      | Learned a level 3 spell: Dazzling Flash
  9187 | D:8      | Found Ximiosk's General Store.
  9197 | D:8      | Noticed Erica
  9213 | D:8      | Killed Erica
  9346 | D:8      | Noticed Maurice
  9372 | D:8      | Killed Maurice
  9445 | D:8      | Reached ** piety under Sif Muna
  9512 | D:8      | Found Bexexkul's Assorted Antiques.
  9520 | D:8      | Found Huchus's Book Shop.
  9622 | D:8      | Found a flagged portal.
  9642 | Bailey   | Entered a bailey
  9867 | Bailey   | Noticed a two-headed ogre
  9880 | Bailey   | Killed a two-headed ogre
  9881 | Bailey   | Reached skill level 15 in Hexes
 10193 | Bailey   | Identified the +4 triple sword of the Unkillable {flame,
                  | Will+++ rCorr MP+9 Int+2}
 10311 | D:8      | Found a sacrificial altar of Ru.
 10479 | D:8      | Found Cethae's Assorted Antiques.
 10483 | D:8      | Bought a pair of boots for 108 gold pieces
 10483 | D:8      | Bought a dented cameo amulet for 120 gold pieces
 10483 | D:8      | Bought a fuming dark potion for 21 gold pieces
 10483 | D:8      | Bought a scroll of identify for 48 gold pieces
 10867 | D:9      | Noticed a two-headed ogre
 10873 | D:9      | Killed a two-headed ogre
 10874 | D:9      | Reached XP level 11. HP: 81/81 MP: 6/20
 11503 | D:10     | Entered Level 10 of the Dungeon
 11514 | D:10     | Found a staircase to the Lair.
 12044 | D:10     | Reached *** piety under Sif Muna
 12519 | Lair:1   | Entered Level 1 of the Lair of Beasts
 13640 | Lair:2   | Found a staircase to the Snake Pit.
 13653 | Lair:2   | Reached XP level 12. HP: 88/88 MP: 16/21
 13796 | Lair:2   | Found a frozen archway.
 13802 | Lair:2   | Reached **** piety under Sif Muna
 13847 | IceCv    | Entered an ice cave
 14901 | IceCv    | Noticed a reaper
 15112 | IceCv    | Killed a reaper
 15234 | IceCv    | Reached ***** piety under Sif Muna
 15797 | Lair:2   | Noticed Urug
 15807 | Lair:2   | Killed Urug
 16073 | Lair:2   | Identified the +2 ring mail "Xuyteiz" {Harm Int+4}
 16497 | Lair:3   | Noticed Gastronok
 16553 | Lair:3   | Killed Gastronok
 16957 | Lair:3   | Found a staircase to the Shoals.
 17188 | Lair:3   | Noticed a catoblepas
 17220 | Lair:2   | Killed a catoblepas
 17221 | Lair:2   | Reached XP level 13. HP: 48/93 MP: 19/22
 17352 | Lair:3   | Received a gift from Sif Muna
 17702 | Lair:3   | Reached skill level 10 in Short Blades
 17990 | Lair:3   | Noticed Josephine
 18322 | Lair:3   | Killed Josephine
 18751 | Lair:3   | Learned a level 7 spell: Enfeeble
 18975 | D:3      | Bought the amulet of the Four Winds {rN+ Will+++ Clar} for
                  | 728 gold pieces
 18975 | D:3      | Found the amulet of the Four Winds {rN+ Will+++ Clar}
 20573 | Lair:5   | Entered Level 5 of the Lair of Beasts
 20586 | Lair:5   | Received a gift from Sif Muna
 21275 | Lair:5   | Reached skill level 27 in Hexes
 21328 | Lair:5   | Reached XP level 14. HP: 83/100 MP: 16/23
 21956 | Lair:5   | Found a staircase to the Slime Pits.
 21956 | Lair:5   | Found a viscous altar of Jiyva.
 22641 | Lair:5   | Received a gift from Sif Muna
 22642 | Lair:5   | Got Sif Muna's Writings on the Curse {god gift}
 22648 | Lair:5   | Learned a level 4 spell: Cause Fear
 22957 | Lair:5   | Found the -2 hat of the Alchemist {rElec rPois rF+ rC+ rN+
                  | Will+ rMut rCorr}
 23234 | Lair:5   | Found a corrupted altar of Lugonu.
 23234 | Lair:5   | Found a one-way gate to the infinite horrors of the Abyss.
 23724 | D:11     | Found the +8 frozen axe "Frostbite" {freeze, freezing
                  | cloud, *Noise Fly rC+}
 24690 | D:12     | Found a staircase to the Orcish Mines.
 24853 | D:12     | Noticed Nessos
 24863 | D:12     | Killed Nessos
 25291 | D:12     | Identified the +4 war axe of Distant Shores {freeze, rN+
                  | MP-9 Int+6}
 25307 | D:12     | Found Dyir's Tremendous Tomes.
 25766 | D:13     | Identified the +8 quarterstaff of Kapaig {freeze, rElec
                  | rPois rC- rCorr}
 26387 | D:13     | Noticed a tengu reaver
 26394 | D:13     | Noticed fedoskokos's ghost (journeyman MiFi)
 26444 | D:13     | Found a transporter.
 26449 | D:13     | Found a transporter.
 26534 | D:13     | Noticed Erolcha
 26542 | D:13     | Killed Erolcha
 27170 | D:14     | Reached XP level 15. HP: 38/113 MP: 2/28
 27328 | D:14     | Received a gift from Sif Muna
 27810 | D:14     | Reached skill level 10 in Stealth
 27970 | D:14     | You fall into a shaft and drop 1 floor!
 27970 | D:15     | Entered Level 15 of the Dungeon
 28147 | D:15     | Noticed Azrael
 28164 | D:15     | Killed Azrael
 28977 | D:15     | Found a staircase to the Depths.
 29253 | Orc:1    | Entered Level 1 of the Orcish Mines
 29587 | Orc:1    | Reached skill level 10 in Spellcasting
 30289 | Orc:2    | Entered Level 2 of the Orcish Mines
 30325 | Orc:1    | Received a gift from Sif Muna
 30326 | Orc:1    | Got Sif Muna's Spellbook of Gathered Hexes {god gift}
 30333 | Orc:1    | Learned a level 5 spell: Summon Mana Viper
 30685 | Orc:2    | Found a shimmering blue altar of Sif Muna.
 30774 | Orc:2    | Found a staircase to the Elven Halls.
 31029 | Orc:2    | Found Xoruosyw's General Store.
 31255 | Orc:2    | Found Jeos's Assorted Antiques.
 31388 | Orc:2    | Found Bixageen's Book Boutique.
 31393 | Orc:2    | Found Ete Iric's Assorted Antiques.
 31398 | Orc:2    | Bought a scroll of teleportation for 105 gold pieces
 31398 | Orc:2    | Bought a scroll of teleportation for 105 gold pieces
 31409 | Orc:2    | Bought a fine leather armour for 154 gold pieces
 31409 | Orc:2    | Identified the +1 leather armour of Modesty {Stlth+} (You
                  | bought it in a shop on level 2 of the Orcish Mines)
 31409 | Orc:2    | Bought a scroll of fear for 88 gold pieces
 31409 | Orc:2    | Bought a scroll of teleportation for 66 gold pieces
 31416 | Orc:2    | Bought a potion of invisibility for 176 gold pieces
 31416 | Orc:2    | Bought a potion of curing for 66 gold pieces
 31678 | Shoals:1 | Entered Level 1 of the Shoals
 32763 | Shoals:1 | Found Laxan's Jewellery Emporium.
 33250 | Shoals:2 | Reached XP level 16. HP: 121/121 MP: 27/32
 33353 | Shoals:2 | Reached skill level 10 in Fighting
 34013 | Shoals:3 | Noticed Polyphemus
 34163 | Shoals:3 | Killed Polyphemus
 34300 | Shoals:3 | Received a gift from Sif Muna
 34505 | Shoals:2 | Learned a level 8 spell: Discord
 34646 | Shoals:3 | Identified the +8 scimitar of Brawling {vamp, *Noise Will+
                  | Str+2 Int+5}
 35742 | Shoals:4 | Entered Level 4 of the Shoals
 36257 | Shoals:4 | Identified the +1 robe of Lotiluap {rPois rN+ rCorr}
 36263 | Shoals:4 | Reached skill level 10 in Dodging
 37262 | Shoals:4 | Received a gift from Sif Muna
 37263 | Shoals:4 | Got Unack's Parchment of the Charming Dose {god gift}
 37764 | Shoals:4 | Reached skill level 1 in Long Blades
 37837 | Shoals:4 | Got a barnacled rune of Zot
 37882 | Shoals:4 | Identified the +2 spear "Dal Udai" {flame, Int+3 Dex+5}
 38158 | Shoals:4 | Noticed Ilsuiw
 38439 | Shoals:4 | Killed Ilsuiw
 38440 | Shoals:4 | Reached skill level 5 in Long Blades
 38557 | Shoals:4 | Identified the +8 mace of Tension {flame, rPois Str+2}
 39048 | Shoals:4 | Reached XP level 17. HP: 130/133 MP: 24/33
 39247 | Shoals:4 | Identified the +4 mace of Subterfuge {venom, rPois rC+}
 39659 | Snake:1  | Entered Level 1 of the Snake Pit
 42036 | Snake:2  | Reached skill level 10 in Long Blades
 43582 | Snake:3  | Received a gift from Sif Muna
 43786 | Snake:3  | Identified the +6 ring mail of Dogma {rCorr Int+3}
 45714 | Snake:3  | Noticed Aizul
 45727 | Snake:3  | Killed Aizul
 46407 | Snake:4  | Entered Level 4 of the Snake Pit
 46410 | Snake:4  | Reached skill level 1 in Armour
 46871 | Snake:4  | Reached XP level 18. HP: 140/140 MP: 26/34
 46998 | Snake:4  | Received a gift from Sif Muna
 46999 | Snake:4  | Got Sif Muna's Octavo of Battling and Summoning {god gift}
 47267 | Snake:4  | Reached skill level 5 in Armour
 48826 | Snake:4  | Found a snail-covered altar of Cheibriados.
 48973 | Snake:4  | Learned a level 5 spell: Yara's Violent Unravelling
 50135 | Snake:4  | Got a serpentine rune of Zot
 50320 | Shoals:1 | Bought the ring of the Saviour {MP+9 Str+3 Int+3} for 594
                  | gold pieces
 50602 | Depths:1 | Entered Level 1 of the Depths
 51123 | D:14     | Found a gate to the Vaults.
 51256 | D:14     | Found a hide-covered altar of Uskayaw.
 51310 | D:13     | Received a gift from Sif Muna
 51311 | D:13     | Got Reuciydd's Tome of Pollution and the Fairies {god gift}
 51332 | D:13     | Killed fedoskokos's ghost
 52037 | Depths:1 | Reached skill level 10 in Armour
 53124 | Depths:1 | Found a gateway to Hell.
 53143 | Depths:1 | Reached XP level 19. HP: 136/146 MP: 25/35
 53299 | Depths:1 | Found a stormy altar of Qazlal.
 53937 | Depths:1 | Identified the +1 quarterstaff "Ynekoz" {heavy, rN+ Dex+4
                  | Stlth+}
 54783 | Depths:2 | Reached skill level 1 in Invocations
 55475 | Depths:2 | Found a one-way gate leading to the halls of Pandemonium.
 55926 | Depths:3 | Noticed a caustic shrike
 55930 | Depths:3 | Reached skill level 5 in Invocations
 55933 | Depths:3 | Killed a caustic shrike
 56101 | Depths:3 | Received a gift from Sif Muna
 56163 | Depths:3 | Got Sif Muna's Parchment of the Grisly Legion {god gift}
 56190 | Depths:3 | Found a sparkling altar of Nemelex Xobeh.
 57440 | Depths:3 | Noticed a caustic shrike
 57455 | Depths:3 | Killed a caustic shrike
 57483 | Depths:3 | Identified the +3 great mace of Areototy {antimagic, *Rage
                  | rElec Str+3 Int+6}
 57836 | Depths:3 | Noticed a golden dragon
 57852 | Depths:3 | Killed a golden dragon
 58012 | Depths:3 | Found a blossoming altar of Fedhas.
 58025 | Depths:3 | Identified the +1 robe "Bejol" {rPois Int-3 Dex+3 Archmagi}
 58030 | Depths:3 | Identified the +0 leather armour of Gozag's Displeasure
                  | {rF+ Str+2 Dex+3}
 58068 | Depths:3 | Noticed a golden dragon
 58078 | Depths:3 | Killed a golden dragon
 58374 | Depths:4 | Entered Level 4 of the Depths
 58374 | Depths:4 | Noticed a golden dragon
 58447 | Depths:4 | Reached XP level 20. HP: 100/153 MP: 4/37
 59004 | Depths:4 | Noticed a caustic shrike
 59004 | Depths:4 | Noticed a caustic shrike
 59005 | Depths:4 | Noticed a caustic shrike
 59008 | Depths:4 | Noticed a caustic shrike
 59017 | Depths:3 | Killed a caustic shrike
 59169 | Depths:4 | Noticed a caustic shrike
 59173 | Depths:4 | Killed a caustic shrike
 59174 | Depths:4 | Killed a caustic shrike
 59176 | Depths:4 | Noticed a caustic shrike
 59181 | Depths:4 | Killed a caustic shrike
 59276 | Depths:4 | Noticed a caustic shrike
 59285 | Depths:3 | Killed a caustic shrike
 59421 | Depths:4 | Noticed a caustic shrike
 59567 | Depths:4 | Killed a caustic shrike
 59569 | Depths:4 | Killed a caustic shrike
 59570 | Depths:4 | Killed a caustic shrike
 59570 | Depths:4 | Killed a golden dragon
 60068 | Depths:4 | Found a one-way gateway to a ziggurat.
 60112 | Depths:4 | Killed a caustic shrike
 60113 | Depths:4 | Reached skill level 15 in Spellcasting
 60378 | Orc:2    | Bought a manual of Dodging for 1440 gold pieces
 61460 | Depths:4 | Noticed a bone dragon
 61483 | Depths:4 | Killed a bone dragon
 61633 | Depths:4 | Found a gate to the Realm of Zot.
 61865 | Vaults:1 | Entered Level 1 of the Vaults
 62317 | Vaults:1 | Found Faobraan's Book Emporium.
 62327 | Vaults:1 | Noticed Asterion
 62334 | Vaults:1 | Killed Asterion
 62661 | Vaults:1 | Reached skill level 15 in Dodging
 62926 | Vaults:1 | Received a gift from Sif Muna
 62927 | Vaults:1 | Got Sif Muna's Writings on the Faeries and Minerals {god
                  | gift}
 64165 | Vaults:2 | Identified the +6 whip of a sewer {flame, Str+2}
 64464 | Vaults:2 | Identified the +1 leather armour "Wyguzelu" {+Blink rF+
                  | Int-5}
 64512 | Vaults:2 | Found a staircase to the Crypt.
 64512 | Vaults:2 | Found a basalt altar of Yredelemnul.
 64513 | Vaults:2 | Found an ancient bone altar of Kikubaaqudgha.
 65584 | Vaults:2 | Found a runed translucent door.
 66082 | Vaults:3 | Identified the +5 dagger of Dyffy {flame, +Blink Int+2}
 66141 | Vaults:3 | Reached XP level 21. HP: 159/159 MP: 40/40
 67344 | Vaults:3 | Noticed an ancient lich
 67347 | Vaults:3 | Killed an ancient lich
 68462 | Vaults:4 | Received a gift from Sif Muna
 68463 | Vaults:4 | Got Sif Muna's Discursus on Beckoning and Jinxing {god
                  | gift}
 70190 | Elf:1    | Entered Level 1 of the Elven Halls
 70219 | Elf:1    | Reached skill level 10 in Invocations
 70855 | Elf:1    | Paralysed by an air elemental for 1 turns
 70858 | Elf:1    | Paralysed by an air elemental for 1 turns
 71386 | Elf:1    | Found Zaeme's Book Shoppe.
 71566 | Elf:1    | Paralysed by an air elemental for 1 turns
 71569 | Elf:1    | Paralysed by an air elemental for 1 turns
 72378 | Elf:2    | Paralysed by an air elemental for 1 turns
 72848 | Elf:2    | Found a shimmering blue altar of Sif Muna.
 72894 | Elf:2    | Received a gift from Sif Muna
 73639 | Elf:2    | Found a runed translucent gate.
 73639 | Elf:2    | Found a runed translucent gate.
 73650 | Elf:2    | Found a runed translucent gate.
 74013 | Elf:2    | Reached XP level 22. HP: 161/165 MP: 18/41
 75135 | Elf:3    | Entered Level 3 of the Elven Halls
 75142 | Elf:3    | Noticed Bai Suzhen
 75158 | Elf:3    | Killed Bai Suzhen
 75552 | Elf:3    | Identified the +3 dire flail of Exchange {freeze, +Blink
                  | rElec rN+ Str-4}
 75583 | Elf:3    | Identified the +7 plate armour "Zoreaxka" {Int+3}
 76267 | Elf:3    | Identified the +6 morningstar of Bespelled Watchfulness
                  | {heavy, rF+ Dex+3}
 76268 | Elf:3    | Identified the +6 quarterstaff of Fimbulwinter {flame,
                  | *Rage rF+ Str+5 Dex+9}
 76338 | Elf:3    | Identified the ring "Fane" {rPois rCorr MP+9 Int+3} (You
                  | took it off a deep elf pyromancer on level 3 of the Elven
                  | Halls)
 76456 | Elf:3    | Identified the +4 trident of Suibus {drain, Contam Int+4
                  | Dex+6}
 76563 | Elf:3    | Received a gift from Sif Muna
 76564 | Elf:3    | Got Sif Muna's Practical Willworking {god gift}
 76702 | Elf:3    | Identified the +6 trident of Yeast {freeze, SInv} (You took
                  | it off a deep elf knight on level 3 of the Elven Halls)
 76702 | Elf:3    | Identified the amulet of the Saviour {Faith -Tele rElec
                  | Str+2} (You took it off a deep elf knight on level 3 of the
                  | Elven Halls)
 76846 | Elf:3    | Identified the staff of earth "Yschuap" {Dex+7}
 77108 | Elf:3    | Identified the ring of Virtue {Will+ Str+5}
 77733 | Elf:3    | Identified the +2 ring mail "Poiloimu" {Will++ Str+6}
 78110 | Elf:3    | Found a portal to a secret trove of treasure.
 78549 | Vaults:5 | Entered Level 5 of the Vaults
 78560 | Vaults:5 | Reached skill level 15 in Fighting
 78810 | Vaults:5 | Identified the +3 leather armour "Zajesch" {rC+++ rCorr
                  | Dex-3 Stlth-}
 79157 | Vaults:5 | Identified the staff of air "Gerphin" {rElec Int+2}
 79309 | Vaults:5 | Received a gift from Sif Muna
 79449 | Vaults:5 | Got a silver rune of Zot
 79470 | Vaults:5 | Identified the ring "Uruked" {*Slow rElec EV+5 Str+8 Int+4}
 79575 | Vaults:5 | Reached XP level 23. HP: 181/181 MP: 42/42
 80169 | Vaults:5 | Identified the +6 triple crossbow "Qititry" {antimagic,
                  | rPois SInv}
 80334 | Vaults:5 | Noticed a dread lich
 80355 | Vaults:5 | Killed a dread lich
 80633 | Vaults:5 | Identified the +6 shadow dragon scales of Omission {+Blink
                  | Stlth++++}
 81403 | Orc:2    | Bought a scroll of enchant armour for 262 gold pieces
 81587 | Elf:3    | You paid a toll of +4 fire dragon scales to enter a
                  | treasure trove
 81588 | Trove    | Entered a treasure trove
 81607 | Trove    | Identified the +1 rapier "Waadghaix" {speed, rCorr}
 81632 | Trove    | Identified the ring of Visukae {rF+ EV+5 Str+4 Int-3}
 81634 | Trove    | Identified the ring of Lelin {rElec rF+ rN+ Will+ MP-9}
 81701 | Elf:3    | Learned a level 2 spell: Blink
 81999 | Slime:1  | Entered Level 1 of the Pits of Slime
 82193 | Slime:1  | Reached skill level 15 in Invocations
 83803 | Slime:1  | Received a gift from Sif Muna
 83804 | Slime:1  | Got Sif Muna's Parchment of Bewitchment and Therianthropy
                  | {god gift}
 84601 | Slime:4  | Reached skill level 15 in Stealth
 85099 | Slime:5  | Entered Level 5 of the Pits of Slime
 85299 | Slime:5  | Noticed the Royal Jelly
 85423 | Slime:5  | Killed the Royal Jelly
 85987 | Slime:5  | Got a slimy rune of Zot
 85988 | Slime:5  | Identified the +11 sling "Undertaker" {heavy, rElec}
 85989 | Slime:5  | Found the +12 pair of quick blades "Gyre" and "Gimble"
                  | {protect}
 86026 | Slime:5  | Identified the +5 chain mail "Plog" {-Tele rPois rC+++
                  | Stlth-}
 86045 | Slime:5  | Identified the +5 whip of Patience {speed, Dex+5}
 86052 | Slime:5  | Identified the +12 hand axe of the Other Side {spect, rElec
                  | Will++ Int+2}
 86077 | Slime:5  | Identified the +4 pair of boots "Biruc" {Harm rPois Str-4}
 86081 | Slime:5  | Identified the +0 ring mail "Wusu" {MP+9 Str-3 SInv}
 86083 | Slime:5  | Identified the +3 falchion of Gehenna {venom, rElec rF-
                  | rC+++ Dex-3}
 87324 | Crypt:1  | Entered Level 1 of the Crypt
 87525 | Crypt:1  | Received a gift from Sif Muna
 87526 | Crypt:1  | Got Sif Muna's Compilation of United Frostbite {god gift}
 87816 | Crypt:1  | Found a corrupted altar of Lugonu.
 88122 | Crypt:1  | Found an ancient bone altar of Kikubaaqudgha.
 88279 | Crypt:2  | Noticed Jory
 88282 | Crypt:2  | Killed Jory
 89263 | Crypt:3  | Entered Level 3 of the Crypt
 89457 | Crypt:3  | Noticed a dread lich
 89487 | Crypt:3  | Killed a dread lich
 89660 | Crypt:3  | Reached XP level 24. HP: 172/185 MP: 46/46
 90164 | Crypt:3  | Found a staircase to the Tomb.
 91069 | Crypt:3  | Received a gift from Sif Muna
 92998 | Crypt:3  | Identified the staff of cold "Fifaly" {rC+ MP+9 Dex+3}
 93430 | Zot:1    | Entered Level 1 of the Realm of Zot
 93974 | Zot:1    | Received a gift from Sif Muna
 94144 | Zot:1    | Identified the +8 sling "Asialluo" {flame, rF+}
 96747 | Zot:2    | Identified the +9 trident "Aphor" {drain, rC+ Dex-2 Stlth+}
 96895 | Zot:2    | Reached XP level 25. HP: 203/203 MP: 48/48
 96911 | Zot:2    | Gained mutation: You occasionally lose the ability to read
                  | scrolls when taking damage. [you]
 96919 | Zot:2    | Lost mutation: You occasionally lose the ability to read
                  | scrolls when taking damage. [potion of mutation]
 96919 | Zot:2    | Gained mutation: You sometimes lose your temper in combat.
                  | [potion of mutation]
 96919 | Zot:2    | Gained mutation: You passively dampen the noise of your
                  | surroundings. [potion of mutation]
 96920 | Zot:2    | Lost mutation: You passively dampen the noise of your
                  | surroundings. [potion of mutation]
 96920 | Zot:2    | Lost mutation: You sometimes lose your temper in combat.
                  | [potion of mutation]
 96920 | Zot:2    | Gained mutation: You are partially covered in iridescent
                  | scales. (AC +2) [potion of mutation]
 96920 | Zot:2    | Gained mutation: You are partially covered in large bone
                  | plates. (SH +4) [potion of mutation]
 97136 | Zot:2    | Received a gift from Sif Muna
 97137 | Zot:2    | Got Sif Muna's Exposition on Vitiation and Beguiling {god
                  | gift}
 99098 | Zot:3    | Found the +4 dragonskin cloak
 99098 | Zot:3    | Noticed Tiamat
 99705 | Zot:3    | Noticed a Killer Klown
 99715 | Zot:3    | Killed a Killer Klown
 99946 | Zot:3    | Killed Tiamat
100550 | Zot:4    | Identified the +0 pair of gloves "Ahuhear" {Harm rN+}
100570 | Zot:4    | Noticed a Killer Klown
100581 | Zot:4    | Killed a Killer Klown
102281 | Zot:5    | Entered Level 5 of the Realm of Zot
104333 | Zot:5    | Noticed a Killer Klown
104336 | Zot:5    | Noticed a Killer Klown
104343 | Zot:5    | Killed an ancient lich
104344 | Zot:5    | Killed a Killer Klown
104638 | Zot:5    | Noticed an orb of fire
104672 | Zot:5    | Killed an orb of fire
104673 | Zot:5    | Reached XP level 26. HP: 151/211 MP: 26/48
104916 | Zot:5    | Received a gift from Sif Muna
104932 | Zot:5    | Killed an ancient lich
104989 | Zot:5    | Noticed an orb of fire
105012 | Zot:5    | Noticed a dread lich
105289 | Zot:5    | Noticed an ancient lich
105298 | Zot:5    | Killed a dread lich
105300 | Zot:5    | Killed an ancient lich
105325 | Zot:5    | Killed an orb of fire
105394 | Zot:5    | Noticed an ancient lich
105589 | Zot:5    | Killed an ancient lich
106617 | Zot:5    | Reached skill level 15 in Armour
106846 | Zot:5    | Noticed an ancient lich
106858 | Zot:5    | Killed an ancient lich
107478 | Hell     | Entered the Vestibule of Hell
107478 | Hell     | Noticed Geryon
107492 | Hell     | Killed Geryon
108242 | Hell     | Received a gift from Sif Muna
108248 | Hell     | Found a gateway to the ashen valley of Gehenna.
108805 | Hell     | Found a gateway to the decaying netherworld of Tartarus.
109033 | Hell     | Found a gateway to the Iron City of Dis.
109137 | Hell     | Paralysed by a wendigo for 1 turns
109169 | Hell     | Found a gateway to the freezing wastes of Cocytus.
109357 | Depths:4 | Voluntarily entered the Abyss.
109656 | Abyss:1  | Received a gift from Sif Muna
109657 | Abyss:1  | Got Sif Muna's Handbook of Causimancy and Transmutation
                  | {god gift}
110564 | Abyss:3  | Found a corrupted altar of Lugonu.
110598 | Abyss:3  | Paralysed by accursed screaming for 1 turns
110776 | Abyss:3  | Found a corrupted altar of Lugonu.
111058 | Abyss:3  | Received a gift from Sif Muna
111106 | Abyss:3  | Found a corrupted altar of Lugonu.
111126 | Abyss:3  | Noticed a dread lich
111139 | Abyss:3  | Killed a dread lich
111140 | Abyss:3  | Reached XP level 27. HP: 214/217 MP: 10/50
111269 | Abyss:3  | Found a corrupted altar of Lugonu.
111325 | Abyss:3  | Found a corrupted altar of Lugonu.
111367 | Abyss:3  | Found a corrupted altar of Lugonu.
111537 | Abyss:3  | Found a corrupted altar of Lugonu.
111653 | Abyss:3  | Found a corrupted altar of Lugonu.
111760 | Abyss:3  | Received a gift from Sif Muna
111761 | Abyss:3  | Got Sif Muna's Quarto of Invitation and Trauma {god gift}
111789 | Abyss:3  | Got an abyssal rune of Zot
112413 | Abyss:3  | Reached skill level 15 in Long Blades
112511 | Depths:4 | Escaped the Abyss
112759 | Depths:2 | Learned a level 3 spell: Swiftness
112764 | Depths:2 | Learned a level 4 spell: Fulminant Prism
112769 | Depths:2 | Learned a level 4 spell: Leda's Liquefaction
112774 | Depths:2 | Learned a level 4 spell: Anguish
112780 | Depths:2 | Learned a level 5 spell: Silence
112786 | Depths:2 | Learned a level 5 spell: Metabolic Englaciation
112791 | Depths:2 | Learned a level 4 spell: Passage of Golubria
112841 | Pan      | Entered Pandemonium
114415 | Pan      | Received a gift from Sif Muna
114417 | Pan      | Got Sif Muna's Secrets of Iron Malediction {god gift}
114529 | Pan      | Noticed Zualotwe the pandemonium lord
114548 | Pan      | Killed Zualotwe the pandemonium lord
116563 | Pan      | Noticed Imuid the pandemonium lord
116578 | Pan      | Killed Imuid the pandemonium lord
116619 | Pan      | Identified the +1 flail "Transmigrator" {flame, Dex+4}
116807 | Pan      | Got a demonic rune of Zot
117932 | Pan      | Received a gift from Sif Muna
117933 | Pan      | Got Sif Muna's Secrets of the Loathsome Familiar {god gift}
118176 | Pan      | Upgraded the game from 0.30.0-17-ge0270778cf to
                  | 0.30.0-18-gc0e69614cb
118484 | Pan      | Found an exit through the horrors of the Abyss.
118514 | Pan      | Identified 3 scrolls of acquirement
118522 | Pan      | Acquired a +6 ring of intelligence
118523 | Pan      | Acquired a manual of Evocations
118525 | Pan      | Acquired a manual of Invocations
121221 | Pan      | Identified the +1 great sword "Foageis" {antimagic, rF- rC+
                  | Int+2 Dex+2}
122460 | Pan      | Noticed Kuwuijaj the pandemonium lord
122471 | Pan      | Killed Kuwuijaj the pandemonium lord
125844 | Pan      | Noticed Masiaqye the pandemonium lord
125855 | Pan      | Reached ****** piety under Sif Muna
125897 | Pan      | Killed Masiaqye the pandemonium lord
128466 | Pan      | Identified the +1 dagger "Rastej" {chaos, rC- Dex+6}
129268 | Pan      | Noticed Bohepn the pandemonium lord
129282 | Pan      | Killed Bohepn the pandemonium lord
130499 | Pan      | Entered the realm of Cerebov.
132806 | Pan      | Found the +6 sword of Cerebov {flame}
132806 | Pan      | Noticed Cerebov
132807 | Pan      | Identified the +7 great sword of Famine {freeze, Fragile
                  | Will+ Dex+3}
132807 | Pan      | Identified the ring "Hajy" {Fly rC+ rCorr Str-5 Dex+3}
132859 | Pan      | Killed Cerebov
133105 | Pan      | Identified the +8 battleaxe "Death Rattle" {venom, rF-
                  | Int+8}
133475 | Pan      | Identified the +0 halberd of the Dancing Shark {pain, *Rage
                  | rC+ rN+ rCorr}
133475 | Pan      | Identified the amulet "Kesiwn" {RegenMP Int+7 Dex-2}
133569 | Pan      | Identified the staff of poison "Maited" {rElec rPois rCorr
                  | Int+2 Dex-4}
133590 | Pan      | Identified the +7 shortbow of Ranis {drain, Dex+3}
133603 | Pan      | Identified the +0 ring mail "Xangi" {rC- rCorr Str+3 Dex+3}
133620 | Pan      | Identified the staff of cold "Dysuruus" {rC+ rN+}
133641 | Pan      | Got a fiery rune of Zot
134050 | Pan      | Entered the realm of Gloorx Vloq.
136838 | Pan      | Noticed Gloorx Vloq
136858 | Pan      | Killed Gloorx Vloq
136861 | Pan      | Got a dark rune of Zot
138826 | Pan      | Entered the realm of Mnoleg.
139365 | Pan      | Found an exit through the horrors of the Abyss.
139466 | Pan      | Gained mutation: You occasionally lose the ability to drink
                  | potions when taking damage. [a cacodemon]
139480 | Pan      | Lost mutation: You are partially covered in large bone
                  | plates. (SH +4) [potion of mutation]
139480 | Pan      | Lost mutation: You are partially covered in iridescent
                  | scales. (AC +2) [potion of mutation]
139480 | Pan      | Gained mutation: You are frail. (-10% HP) [potion of
                  | mutation]
139480 | Pan      | Gained mutation: You have a pair of small horns on your
                  | head. [potion of mutation]
139481 | Pan      | Lost mutation: You occasionally lose the ability to drink
                  | potions when taking damage. [potion of mutation]
139481 | Pan      | Lost mutation: You are frail. (-10% HP) [potion of
                  | mutation]
139481 | Pan      | Gained mutation: Your body sometimes deteriorates upon
                  | taking damage. [potion of mutation]
139545 | Pan      | Gained mutation: You are occasionally teleported next to
                  | monsters. [a neqoxec]
139581 | Pan      | Lost mutation: Your body sometimes deteriorates upon taking
                  | damage. [potion of mutation]
139581 | Pan      | Lost mutation: You are occasionally teleported next to
                  | monsters. [potion of mutation]
139581 | Pan      | Lost mutation: You have a pair of small horns on your head.
                  | [potion of mutation]
139581 | Pan      | Gained mutation: You are frail. (-10% HP) [potion of
                  | mutation]
139581 | Pan      | Gained mutation: You expend magic power (3 MP) to
                  | strengthen your wands. [potion of mutation]
139582 | Pan      | Lost mutation: You are frail. (-10% HP) [potion of
                  | mutation]
139582 | Pan      | Lost mutation: You expend magic power (3 MP) to strengthen
                  | your wands. [potion of mutation]
139582 | Pan      | Gained mutation: You are frail. (-10% HP) [potion of
                  | mutation]
139582 | Pan      | Gained mutation: You are agile. (Dex +4, Str/Int -1)
                  | [potion of mutation]
139582 | Pan      | Gained mutation: You have hidden genetic defects. [potion
                  | of mutation]
139582 | Pan      | Gained mutation: You have a pair of small antennae on your
                  | head. [potion of mutation]
139583 | Pan      | Lost mutation: You have hidden genetic defects. [potion of
                  | mutation]
139583 | Pan      | Lost mutation: You have a pair of small antennae on your
                  | head. [potion of mutation]
139583 | Pan      | Lost mutation: You are frail. (-10% HP) [potion of
                  | mutation]
139583 | Pan      | Gained mutation: You sometimes lose your temper in combat.
                  | [potion of mutation]
139583 | Pan      | Lost mutation: You sometimes lose your temper in combat.
                  | [potion of mutation]
140198 | Pan      | Noticed Mnoleg
140241 | Pan      | Killed Mnoleg
140468 | Pan      | Got a glowing rune of Zot
141115 | Pan      | Found a transporter.
141554 | Pan      | Found a transporter.
141557 | Pan      | Acquired a manual of Evocations
141568 | Pan      | Reached skill level 27 in Spellcasting
141670 | Pan      | Identified the +8 spear of Doom {freeze, rPois rF+ rN+}
141670 | Pan      | Identified the ring "Tux Ustra" {rPois Will+ AC+4}
142082 | Pan      | Found an exit through the horrors of the Abyss.
142149 | Pan      | Noticed Piole the pandemonium lord
142169 | Pan      | Killed Piole the pandemonium lord
142439 | Pan      | Identified the +0 war axe of Laceration {drain, Str+3}
143428 | Pan      | Noticed Hatouqaf the pandemonium lord
143447 | Pan      | Killed Hatouqaf the pandemonium lord
143790 | Pan      | Identified the +0 flail "Gacrar" {elec, rN+ Str+3}
144463 | Pan      | Entered the realm of Lom Lobon.
144517 | Pan      | Noticed Ignacio
144533 | Pan      | Killed Ignacio
144564 | Pan      | Found an exit through the horrors of the Abyss.
146004 | Pan      | Noticed Lom Lobon
146227 | Pan      | Killed Lom Lobon
146393 | Pan      | Got a magical rune of Zot
147151 | Pan      | Found a runed translucent door.
147211 | Pan      | Found a runed translucent door.
147228 | Pan      | Found a runed translucent door.
147514 | Pan      | Found an exit through the horrors of the Abyss.
147523 | Pan      | Took an exit into the Abyss.
147523 | Abyss:3  | Escaped into the Abyss
148059 | Abyss:3  | Found a corrupted altar of Lugonu.
148207 | Depths:2 | Escaped the Abyss
148521 | Tomb:1   | Entered Level 1 of the Tomb of the Ancients
148990 | Tomb:1   | Reached skill level 27 in Invocations
149002 | Tomb:1   | Noticed a royal mummy
149107 | Tomb:1   | Killed a royal mummy
149153 | Tomb:1   | Killed a royal mummy
149246 | Tomb:1   | Noticed a royal mummy
149393 | Tomb:1   | Killed a royal mummy
149512 | Tomb:2   | Noticed a royal mummy
149512 | Tomb:2   | Noticed a royal mummy
149512 | Tomb:2   | Noticed a royal mummy
149512 | Tomb:2   | Noticed a royal mummy
149522 | Tomb:2   | Killed a royal mummy
149529 | Tomb:2   | Killed a royal mummy
149532 | Tomb:2   | Killed a royal mummy
149556 | Tomb:2   | Killed a royal mummy
150076 | Tomb:2   | Identified the +0 helmet of Divine Compulsion {+Blink}
150205 | Tomb:1   | Noticed a royal mummy
150205 | Tomb:1   | Noticed a royal mummy
150205 | Tomb:1   | Noticed a royal mummy
150206 | Tomb:1   | Noticed a royal mummy
150213 | Tomb:1   | Killed a royal mummy
150213 | Tomb:1   | Killed a royal mummy
150215 | Tomb:1   | Killed a royal mummy
150227 | Tomb:1   | Noticed a royal mummy
150228 | Tomb:1   | Noticed a royal mummy
150230 | Tomb:1   | Noticed a royal mummy
150231 | Tomb:1   | Killed a royal mummy
150232 | Tomb:1   | Killed a royal mummy
150236 | Tomb:1   | Killed a royal mummy
150243 | Tomb:1   | Killed a royal mummy
150261 | Tomb:1   | Noticed a royal mummy
150273 | Tomb:1   | Killed a royal mummy
150306 | Tomb:1   | Noticed a royal mummy
150312 | Tomb:1   | Killed a royal mummy
150378 | Tomb:1   | Noticed a royal mummy
150386 | Tomb:1   | Killed a royal mummy
150390 | Tomb:1   | Noticed a royal mummy
150400 | Tomb:1   | Killed a royal mummy
150423 | Tomb:1   | Noticed a royal mummy
150445 | Tomb:1   | Killed a royal mummy
150473 | Tomb:1   | Noticed a royal mummy
150477 | Tomb:1   | Noticed a royal mummy
150483 | Tomb:1   | Killed a royal mummy
150496 | Tomb:1   | Killed a royal mummy
150511 | Tomb:1   | Noticed a royal mummy
150521 | Tomb:1   | Killed a royal mummy
150532 | Tomb:1   | Killed a royal mummy
150543 | Tomb:1   | Noticed a royal mummy
150553 | Tomb:1   | Killed a royal mummy
150635 | Tomb:1   | Noticed a royal mummy
150648 | Tomb:1   | Killed a royal mummy
150651 | Tomb:1   | Killed a royal mummy
150664 | Tomb:1   | Noticed a royal mummy
150665 | Tomb:1   | Killed a royal mummy
150666 | Tomb:1   | Noticed a royal mummy
150666 | Tomb:1   | Noticed a royal mummy
150669 | Tomb:1   | Killed a royal mummy
150677 | Tomb:1   | Killed a royal mummy
150688 | Tomb:1   | Killed a royal mummy
150782 | Tomb:1   | Noticed a royal mummy
150782 | Tomb:1   | Noticed a royal mummy
150795 | Tomb:1   | Killed a royal mummy
150805 | Tomb:1   | Killed a royal mummy
151065 | Tomb:3   | Entered Level 3 of the Tomb of the Ancients
151074 | Tomb:3   | Noticed a royal mummy
151074 | Tomb:3   | Noticed a royal mummy
151074 | Tomb:3   | Noticed a royal mummy
151075 | Tomb:3   | Noticed a royal mummy
151076 | Tomb:3   | Noticed Boris
151080 | Tomb:3   | Killed a royal mummy
151082 | Tomb:3   | Killed a royal mummy
151094 | Tomb:3   | Killed Boris
151097 | Tomb:3   | Killed a royal mummy
151100 | Tomb:3   | Killed a royal mummy
151132 | Tomb:3   | Noticed a royal mummy
151140 | Tomb:3   | Killed a royal mummy
151369 | Tomb:3   | Noticed a royal mummy
151381 | Tomb:3   | Killed a royal mummy
151389 | Tomb:3   | Noticed a royal mummy
151405 | Tomb:3   | Killed a royal mummy
151545 | Tomb:3   | Found the +8 storm bow {elec, penet}
151746 | Tomb:3   | Identified the +1 plate armour of Honour {rF- Str+3}
151747 | Tomb:3   | Identified the +5 lajatang of Dust {freeze, rF+ Str+4}
151749 | Tomb:3   | Identified the ring "Foklyellyg" {rC+ MP+9 Dex+3}
151750 | Tomb:3   | Identified the +1 leather armour "Leituu" {rC++}
151755 | Tomb:3   | Identified the staff of death "Palueru" {rC+ rN+ Int+6
                  | Dex-2}
151760 | Tomb:3   | Identified the +4 whip "Atenus" {freeze, *Corrode Str+3
                  | Int-3 Dex+8}
151761 | Tomb:3   | Identified the staff of cold "Haihyfus" {rC+ rCorr Str-2
                  | Int+7 SInv}
151765 | Tomb:3   | Identified the staff of air "Qeemp" {rElec rN+}
151766 | Tomb:3   | Identified the staff of conjuration "Taoxiygh" {*Corrode
                  | rElec rPois rF-}
151794 | Tomb:3   | Noticed Khufu
151812 | Tomb:3   | Killed Khufu
151907 | Tomb:3   | Noticed a royal mummy
151920 | Tomb:3   | Killed a royal mummy
152035 | Tomb:3   | Got a golden rune of Zot
152515 | Orc:2    | Bought a potion of mutation for 280 gold pieces
152515 | Orc:2    | Bought a potion of cancellation for 280 gold pieces
153358 | Coc:1    | Entered Level 1 of Cocytus
154576 | Coc:3    | Noticed an ancient lich
154604 | Coc:3    | Killed an ancient lich
155427 | Coc:5    | Noticed a dread lich
155434 | Coc:5    | Killed a dread lich
155441 | Coc:5    | Reached skill level 1 in Evocations
155450 | Coc:5    | HP: 4/190 [elemental wellspring/torrent of water (10)]
155875 | Coc:5    | Reached skill level 5 in Evocations
156700 | Coc:7    | Entered Level 7 of Cocytus
156708 | Coc:7    | Reached skill level 10 in Evocations
158442 | Coc:7    | Noticed a dread lich
158445 | Coc:7    | Killed a dread lich
159121 | Coc:7    | Reached skill level 15 in Evocations
159514 | Coc:7    | Identified the +2 great sword of Woe {flame, Int+3}
159549 | Coc:7    | Paralysed by a wendigo for 1 turns
159777 | Coc:7    | Paralysed by a wendigo for 1 turns
160476 | Coc:7    | Noticed Antaeus
160501 | Coc:7    | Killed Antaeus
160581 | Coc:7    | Identified the +0 robe "Qappoesk" {Dex+5}
160588 | Coc:7    | Got an icy rune of Zot
161017 | Coc:7    | Identified the +1 morningstar of the Final Decision {heavy,
                  | rPois rF+ Int+5}
161018 | Coc:7    | Identified the staff of conjuration "Cesiycis" {rF- rCorr
                  | Int+3 SInv}
161181 | Tar:1    | Entered Level 1 of Tartarus
164278 | Tar:7    | Entered Level 7 of Tartarus
167353 | Tar:7    | Identified the staff of conjuration "Qoodwac" {rC+ Str+6
                  | Dex-4}
167902 | Tar:7    | Found the +3 Mad Mage's Maulers {Infuse+∞ VampMP -Cast}
168541 | Tar:7    | Noticed Ereshkigal
168561 | Tar:7    | Killed Ereshkigal
168562 | Tar:7    | Reached skill level 27 in Fighting
168662 | Tar:7    | Found the crystal ball of Wucad Mu {*channel}
168663 | Tar:7    | Identified the amulet "Toguacso" {RegenMP rElec Will+ Str+5
                  | Stlth+}
168666 | Tar:7    | Identified the staff of cold "Qiloe" {rElec rC+ Will- Int+5
                  | Stlth+}
168668 | Tar:7    | Got a bone rune of Zot
168679 | Tar:7    | Identified the ring "Bavo Yne" {rPois rC+ Dex+6}
168680 | Tar:7    | Identified the +4 quarterstaff of Boickem {flame, Dex+3
                  | Stlth+}
168906 | Dis:1    | Entered Level 1 of the Iron City of Dis
169051 | Dis:1    | Noticed an ancient lich
169068 | Dis:1    | Killed an ancient lich
170618 | Dis:5    | Found a huge runed gate.
170618 | Dis:5    | Found a huge runed gate.
170618 | Dis:5    | Found a huge runed gate.
170618 | Dis:5    | Found a huge runed gate.
170627 | Dis:5    | Found a huge runed gate.
170627 | Dis:5    | Found a huge runed gate.
170660 | Dis:5    | Found a huge runed gate.
170661 | Dis:5    | Found a huge runed gate.
170661 | Dis:5    | Found a huge runed gate.
170661 | Dis:5    | Found a huge runed gate.
170668 | Dis:5    | Found a huge runed gate.
170668 | Dis:5    | Found a huge runed gate.
170668 | Dis:5    | Found a huge runed gate.
170668 | Dis:5    | Found a huge runed gate.
170668 | Dis:5    | Found a huge runed gate.
170668 | Dis:5    | Found a huge runed gate.
170669 | Dis:5    | Found a huge runed gate.
170670 | Dis:5    | Found a huge runed gate.
170671 | Dis:5    | Found a huge runed gate.
170679 | Dis:5    | Found a huge runed gate.
170679 | Dis:5    | Found a huge runed gate.
170679 | Dis:5    | Found a huge runed gate.
170679 | Dis:5    | Found a huge runed gate.
170679 | Dis:5    | Found a huge runed gate.
170679 | Dis:5    | Found a huge runed gate.
170680 | Dis:5    | Found a huge runed gate.
170681 | Dis:5    | Found a huge runed gate.
170682 | Dis:5    | Found a huge runed gate.
170691 | Dis:5    | Found a huge runed gate.
170691 | Dis:5    | Found a huge runed gate.
170691 | Dis:5    | Found a huge runed gate.
170691 | Dis:5    | Found a huge runed gate.
170691 | Dis:5    | Found a huge runed gate.
170691 | Dis:5    | Found a huge runed gate.
170692 | Dis:5    | Found a huge runed gate.
170693 | Dis:5    | Found a huge runed gate.
170953 | Dis:6    | Noticed an ancient lich
170960 | Dis:6    | Killed an ancient lich
171464 | Dis:7    | Entered Level 7 of the Iron City of Dis
172117 | Dis:7    | Upgraded the game from 0.30.0-18-gc0e69614cb to
                  | 0.30.0-19-g36f170ea60
173297 | Dis:7    | Identified the staff of poison "Emmiusint" {rElec rPois
                  | rF+}
173301 | Dis:7    | Reached skill level 27 in Stealth
173711 | Dis:7    | Found the +2 Maxwell's thermic engine {flame, freeze, rev}
174256 | Dis:7    | Identified the +1 scale mail of Noggom {-Cast Fly rPois
                  | rCorr}
174485 | Dis:7    | Identified the ring of Rury {rPois rF+ rC+ Will- Str+8}
174487 | Dis:7    | Identified the +1 halberd of Yesterday {heavy, rPois rF-
                  | Int+4}
174645 | Dis:7    | Noticed Dispater
174661 | Dis:7    | Killed Dispater
174750 | Dis:7    | Identified the +8 demon trident "Demonslayer" {flame, rC+}
174789 | Dis:7    | Got an iron rune of Zot
174978 | Geh:1    | Entered Level 1 of Gehenna
176854 | Geh:4    | You are sucked into a shaft and drop 2 floors!
176997 | Geh:6    | Noticed an ancient lich
176997 | Geh:6    | Noticed a dread lich
176997 | Geh:6    | Noticed an ancient lich
176999 | Geh:6    | Killed a dread lich
177003 | Geh:6    | Killed an ancient lich
177003 | Geh:6    | Killed a dread lich
177005 | Geh:6    | Killed an ancient lich
177008 | Geh:6    | Killed an ancient lich
177008 | Geh:6    | Killed an ancient lich
177013 | Geh:6    | Killed an ancient lich
177017 | Geh:6    | Killed an ancient lich
177189 | Geh:7    | Entered Level 7 of Gehenna
177538 | Geh:7    | Noticed the Serpent of Hell
177547 | Geh:7    | Reached skill level 15 in Short Blades
178677 | Geh:7    | Identified the ring "Rirhujiga" {rN+ Int+2} (You took it
                  | off a balrug on level 7 of Gehenna)
178953 | Geh:7    | Found the +13 sceptre of Asmodeus
178953 | Geh:7    | Noticed Asmodeus
178976 | Geh:7    | Killed Asmodeus
179034 | Geh:7    | Identified the staff of earth "Ifoecieg" {rF+ Will+ MP+9
                  | Dex-3}
179039 | Geh:7    | Got an obsidian rune of Zot
179398 | Zot:5    | Got the Orb of Zot
179622 | Depths:4 | Noticed Jufoorip the pandemonium lord
179629 | Depths:4 | Killed Jufoorip the pandemonium lord
179637 | Depths:4 | Noticed Coytwera the pandemonium lord
179665 | Depths:4 | Killed Coytwera the pandemonium lord
179711 | Depths:2 | Noticed Epsouvy the pandemonium lord
179730 | Depths:2 | Killed Epsouvy the pandemonium lord
180144 | D:1      | Lost mutation: You are agile. (Dex +4, Str/Int -1) [potion
                  | of mutation]
180144 | D:1      | Gained mutation: Your flesh is heat resistant. (rF+)
                  | [potion of mutation]
180145 | D:1      | Lost mutation: Your flesh is heat resistant. (rF+) [potion
                  | of mutation]
180145 | D:1      | Gained mutation: Potions are less effective at restoring
                  | your health. [potion of mutation]
180146 | D:1      | Lost mutation: Potions are less effective at restoring your
                  | health. [potion of mutation]
180146 | D:1      | Gained mutation: You have a pair of small horns on your
                  | head. [potion of mutation]
180147 | D:1      | Lost mutation: You have a pair of small horns on your head.
                  | [potion of mutation]
180147 | D:1      | Gained mutation: You are frail. (-10% HP) [potion of
                  | mutation]
180155 | D:1      | Lost mutation: You are frail. (-10% HP) [potion of
                  | mutation]
180155 | D:1      | Gained mutation: You are occasionally teleported next to
                  | monsters. [potion of mutation]
180156 | D:1      | Lost mutation: You are occasionally teleported next to
                  | monsters. [potion of mutation]
180158 | D:1      | Gained mutation: Armour fits poorly on your strangely
                  | shaped body. [potion of mutation]
180159 | D:1      | Lost mutation: Armour fits poorly on your strangely shaped
                  | body. [potion of mutation]
180159 | D:1      | Gained mutation: You are agile. (Dex +4, Str/Int -1)
                  | [potion of mutation]
180178 | D:$      | Escaped with the Orb!

Illustrated notes

Levels and vault maps discovered:
D:1:      heliophobic_arrival_glass_houses, layout_basic
D:2:      layout_rooms, minmay_goblin_kobold_house
D:3:      layout_basic, serial_shops, shop
D:4:      layout_rooms, overflow_temple_1_default, minitemple, minmay_bent,
          uniq_sigmund, uniq_ijyb, uniq_menkaure
D:5:      layout_basic, serial_shops, nicolae_shop_trees, grunt_ministairs_2,
          uniq_duvessa, uniq_pikel
D:6:      layout_loops_corners, mainiacjoe_overflow_boulevard,
          minmay_temple_entry_glassed_door, serial_shops, nicolae_stop_n_shop_2,
          hangedman_decor_riveting
D:7:      layout_layer_cave, mainiacjoe_overflow_catwalk, old_standard_altar,
          gup_ossuary_entry_pyramid, gammafunk_ghost_stat_death
D:8:      layout_cave_pools, hangedman_ru_absence, serial_shops,
          nicolae_shop_back_alley_shop, shop,
          nicolae_shop_pleasant_corner_grove, shop, enter_bailey_4,
          kennysheep_cross_bottleneck, uniq_maurice, uniq_erica
D:9:      layout_roguey, columned_hall_lemuel
D:10:     layout_small_grid, david_lair_generic
D:11:     minmay_coctagon, layout_irregular_city,
          hangedman_decor_clover_reticule
D:12:     layout_big_octagon, orc_0_dummy, nicolae_shop_i_like_big_books,
          uniq_nessos
D:13:     layout_cave_pods, nzn_ghost_randoct, uniq_erolcha
D:14:     layout_cave_pools, grunt_vaults_entry_fortified,
          nicolae_uskayaw_suspiria
D:15:     grunt_enter_depths_hoard, layout_stronghold,
          chequers_serial_rivers_room_b, uniq_azrael
Temple:   hellmonk_temple_two_chambers
Lair:1:   layout_regular_city, beast_lair_carwin_4
Lair:2:   layout_cave_pods, minmay_snake_entry_guardpost_small,
          portal_ice_cave_entry_imps, st_stairs_3, uniq_urug
Lair:3:   layout_cave_pods, minmay_shoals_entry_beasts,
          small_statue_intersection, minivault_19, serial_bayou_shore_a,
          grunt_megastairs_3, uniq_josephine, uniq_gastronok
Lair:4:   layout_big_grid, lemuel_old_faithful, serial_bayou_shore_b,
          lemuel_fruit_tree, infiniplex_staircase_pool_2, lemuel_fruit_fields
Lair:5:   hellmonk_lair_end_abyssal_woods, layout_cave_pods, slime_entry_1,
          eino_house_with_fridge
Shoals:1: cheibrodos_shoals_oceanic_diplomacy, layout_shoals, serial_shops, shop
Shoals:2: layout_shoals
Shoals:3: layout_shoals, uniq_polyphemus
Shoals:4: shoals_end_simple, layout_shoals, shoal_ilsuiw
Snake:1:  layout_onion_interference
Snake:2:  nicolae_snake_shooting_gallery, layout_cave_town,
          guppyfry_snake_island
Snake:3:  layout_cave_shapes, basic_altar, serial_bayou_ford_a, uniq_aizul
Snake:4:  grunt_snake_rune_serpentine_throne, layout_misc_corridors,
          grunt_ministairs_3, hangedman_feature_mirror
Slime:1:  layout_caves
Slime:2:  layout_caves
Slime:3:  layout_caves
Slime:4:  layout_caves, nicolae_slime_rock_hall_of_fame
Slime:5
Orc:1:    nicolae_orc_accident_1, layout_caves, basic_altar
Orc:2:    st_orc_elflike, layout_caves, led_sif_book
Elf:1:    eino_elf_arrival_shootout, layout_geoelf_octagon, serial_shops, shop,
          minmay_elf_necromancy
Elf:2:    nicolae_elf_blades_splatter_lattice [nicolae_blade_entry_pointy_end],
          layout_loops_cross, basic_altar, roderic_roman_lattice
Elf:3:    grunt_elf_hall_spiral, layout_gridlike, enter_trove_6, serial_glass,
          glass_columns_a, glass_columns_a, dreamdust_princess_bridge,
          minmay_checkered_concentric_circles, uniq_bai_suzhen
Vaults:1: ontoclasm_vaults_eye, v_rooms_4, nicolae_vaults_little_squares_2,
          hangedman_vaults_restitches, nicolae_vaults_surprise_closet,
          nicolae_vaults_tetromino_Z_2, nicolae_vaults_little_guard_posts,
          layout_vaults_omnigrid, serial_shops, shop, uniq_asterion
Vaults:2: v_pattern_4, nicolae_vaults_trapezoid_layered,
          nicolae_vaults_oozy_zoo, v_misc_27, nicolae_vaults_prndl,
          nicolae_vaults_specimen_jars, nicolae_vaults_surprise_closet,
          nicolae_vaults_door_testing_chamber, minmay_crypt_entry_necro_gods,
          v_misc_18, vaults_mumra_hexcomb, nicolae_vaults_little_squares_4,
          layout_vaults_omnicross
Vaults:3: grunt_vaults_hallway_long, hangedman_vaults_stagger, v_misc_25,
          nicolae_vaults_theta, nicolae_vaults_bisected_inception,
          nicolae_vaults_shipping_containers_6, hangedman_vaults_trim,
          ontoclasm_vaults_ring_square, nicolae_vaults_hexular_roomagon,
          v_misc_3, vaults_mumra_minichess_inversion, nicolae_vaults_diamond_2,
          layout_vaults_ring
Vaults:4: vaults_standard_mumra_lines, vaults_dpeg_ring, v_misc_30, v_rooms_5,
          ontoclasm_vaults_loading_screen, vaults_room_corners,
          nicolae_vaults_rhombus_7, nicolae_vaults_network_star,
          vaults_dpeg_spiral, v_misc_4, ontoclasm_vaults_gateway,
          nicolae_vaults_little_squares_6, layout_vaults_big_room
Vaults:5
Crypt:1:  layout_regular_city, basic_altar, amcnicky_altar_lugonu_corruption,
          roderic_lattice_octagonal_star, grunt_crypt_arrival_webbed
Crypt:2:  statuecave_lemuel, layout_basic, st_stairs_9, uniq_jory
Crypt:3:  due_elkab, layout_chaotic_city
Tomb:1
Tomb:2
Tomb:3:   uniq_boris
Depths:1: layout_honeycomb, nicolae_qazlal_scattered_showers, hellmouth_3,
          minmay_misc_feat_x, drop_trap, kb_rosetta, firewood_loft
Depths:2: minmay_containers, layout_cave_pools, hangedman_decor_opposing,
          rand_demon_pan_entry_3, hell_entry, wad_rectangle_vault,
          infiniplex_staircase_diamond
Depths:3: minmay_the_grid_triangle_9x9_recursive_3_mashed
          [minmay_the_grid_triangle_9x9_shrine,
          minmay_the_grid_triangle_9x9_sparse_checkered,
          minmay_the_grid_triangle_9x9_zippers_vertical,
          minmay_the_grid_triangle_9x9_prize_center,
          minmay_the_grid_triangle_9x9_checkered,
          minmay_the_grid_triangle_9x9_corruption,
          minmay_the_grid_triangle_9x9_limited_checkers,
          minmay_the_grid_triangle_9x9_thin_v,
          minmay_the_grid_triangle_9x9_cache], layout_gridlike, abyss_entry,
          hell_entry, nemelex_xobeh_ov_fountains_minmay,
          kennysheep_inner_square, serial_bayou_shore_b
Depths:4: evilmike_zot_entry_hall, layout_cave_pools, enter_ziggurat_e,
          hangedman_abyss_or_decor_slice, abyss_entry,
          grunt_hell_entry_dis_grunt, item_on_display_a
Hell
Dis:1:    layout_overlapping_boxes
Dis:2:    layout_regular_city
Dis:3:    layout_subdivisions
Dis:4:    layout_jigsaw
Dis:5:    layout_gridville, not_door_vault_mu
Dis:6:    layout_jigsaw, nicolae_dis_step_into_the_octagon
Dis:7:    iron_city_of_dis [dis_old, dis_wall_3], layout_gridville,
          glass_columns_b
Geh:1:    layout_gehenna_pools_basic
Geh:2:    layout_gehenna_lava_caves
Geh:3:    layout_gehenna_lava_caves
Geh:4:    layout_gehenna_pools_basic, nicolae_geh_lava_lounge
Geh:6:    layout_gehenna_pools_basic, nicolae_hells_leichenhalle
Geh:7:    geh_grunt_pentagon
Coc:1:    nicolae_hells_demon_pit, layout_ice_bergs
Coc:2:    layout_cocytus_water_paths
Coc:3:    layout_cocytus_delve
Coc:4:    layout_cocytus_delve, nicolae_coc_statues_of_limitations
Coc:5:    layout_cocytus_delve, evilmike_ambush [evilmike_ambush_outer_basic,
          evilmike_ambush_inner_basic]
Coc:6:    layout_ice_bergs
Coc:7:    coc_hangedman
Tar:1:    layout_honeycomb, nicolae_tar_cuneiform_heaven,
          nicolae_tar_cuneiform_city, nicolae_tar_cuneiform_water
Tar:2:    layout_catacombs
Tar:3:    layout_grid_maze
Tar:4:    layout_catacombs
Tar:5:    layout_cathedral_of_symmetry
Tar:6:    layout_grid_maze
Tar:7:    tar_minmay_river
Zot:1:    lemuel_acid_trip, layout_onion, st_single_dragon_hoard_3,
          hangedman_snake_sidewinding
Zot:2:    layout_twisted_circle
Zot:3:    layout_onion, grunt_ministairs_8, st_stairs_14, grunt_megastairs_5,
          uniq_tiamat
Zot:4:    kennysheep_blocky_hall, layout_gridlike, grunt_ministairs_10
Zot:5:    layout_gridlike

Skill      XL: |  1  2  3  4  5  6  7  8  9 10 11 12 13 14 15 16 17 18 19 20 21 22 23 24 25 26 27 |
---------------+----------------------------------------------------------------------------------+-----
Hexes          | 5 6 12 17 21 24 27 | 27.0
Spellcasting   | 3 4 5 6 9 12 13 15 19 21 23 27 | 27.0
Stealth        | 6 12 15 18 27 | 27.0
Short Blades   | 2 6 9 10 18 | 18.8
Dodging        | 5 6 8 9 12 18 21 24 | 24.0
Fighting       | 4 6 9 12 15 17 18 27 | 27.0
Long Blades    | 5 12 13 26 | 26.5
Armour         | 3 11 12 13 15 | 15.0
Invocations    | 9 12 13 15 18 27 | 27.0
Evocations     | 18 | 18.0

Action                     |  1- 3 |  4- 6 |  7- 9 | 10-12 | 13-15 | 16-18 | 19-21 | 22-24 | 25-27 || total
---------------------------+-------+-------+-------+-------+-------+-------+-------+-------+-------++-------
  Melee: Dagger            |    84 |       |       |       |       |       |    25 |   200 |   819 ||  1128
         Bite              |     7 |     4 |    25 |    89 |    94 |    63 |   183 |   173 |  1003 ||  1641
         Short sword       |    42 |    66 |   219 |   617 |   885 |   142 |   157 |       |       ||  2128
         Punch             |       |     1 |     2 |     7 |       |       |       |       |       ||    10
         Scimitar          |       |       |       |       |       |   286 |   695 |   695 |  3104 ||  4780
         Double sword      |       |       |       |       |       |       |       |       |   982 ||   982
  Throw: Throwing net      |       |       |       |       |       |       |       |     2 |    12 ||    14
         Dart              |       |       |       |       |       |       |       |       |     4 ||     4
   Cast: Ensorcelled Hiber |    38 |    35 |    89 |   136 |   310 |    99 |    46 |    68 |    63 ||   884
         Slow              |       |     6 |    13 |     6 |    19 |     2 |     1 |    20 |    73 ||   140
         Tukima's Dance    |       |     3 |     8 |    27 |    47 |    91 |    82 |    88 |   158 ||   504
         Confusing Touch   |       |     2 |     7 |    36 |    16 |       |       |     3 |       ||    64
         Dazzling Flash    |       |       |       |     6 |    16 |       |       |       |     8 ||    30
         Enfeeble          |       |       |       |       |    59 |    69 |   127 |   103 |  1109 ||  1467
         Cause Fear        |       |       |       |       |     9 |    10 |    10 |     4 |    18 ||    51
         Summon Mana Viper |       |       |       |       |     2 |    17 |    49 |    53 |   442 ||   563
         Discord           |       |       |       |       |       |   224 |   201 |   313 |  1048 ||  1786
         Yara's Violent Un |       |       |       |       |       |       |    19 |    75 |   387 ||   481
         Blink             |       |       |       |       |       |       |       |     6 |   167 ||   173
         Dragon's Call     |       |       |       |       |       |       |       |       |    20 ||    20
         Anguish           |       |       |       |       |       |       |       |       |    25 ||    25
         Swiftness         |       |       |       |       |       |       |       |       |     2 ||     2
         Fulminant Prism   |       |       |       |       |       |       |       |       |     1 ||     1
         Passage of Golubr |       |       |       |       |       |       |       |       |     1 ||     1
         Silence           |       |       |       |       |       |       |       |       |     1 ||     1
 Invoke: Divine Exegesis   |       |       |       |       |       |       |       |       |    20 ||    20
         Channel Magic     |       |       |       |       |       |       |       |       |    73 ||    73
Ability: Exsanguinate      |       |       |       |       |       |       |       |     1 |     1 ||     2
         End Transformatio |       |       |       |       |       |       |       |       |     2 ||     2
         Bat Form          |       |       |       |       |       |       |       |       |     2 ||     2
  Evoke: Wand              |       |       |       |     1 |       |       |       |       |    11 ||    12
         Phantom mirror    |       |       |       |       |       |       |       |       |     3 ||     3
    Use: Scroll            |     7 |     4 |    11 |    12 |    10 |     3 |     3 |    16 |    49 ||   115
         Potion            |     1 |       |     2 |     8 |    10 |     2 |     1 |    10 |    76 ||   110
   Stab: Sleeping          |    30 |    26 |    59 |    89 |   248 |    64 |    26 |    28 |    82 ||   652
         Confused          |       |     1 |     3 |    32 |    12 |       |       |     6 |       ||    54
         Invisible         |       |       |     8 |     1 |    56 |    59 |   147 |    55 |   805 ||  1131
         Distracted        |       |       |     1 |       |     1 |     6 |    12 |    12 |    70 ||   102
         Held in net/web   |       |       |       |       |       |       |       |     1 |     7 ||     8
         Betrayed ally     |       |       |       |       |       |       |       |       |     1 ||     1
 Armour: Robe              |    28 |    17 |    80 |   205 |   352 |    55 |       |       |   404 ||  1141
         Skin              |       |       |       |     5 |       |       |       |       |       ||     5
         Ring mail         |       |       |       |       |       |    72 |   283 |   395 |   960 ||  1710
  Dodge: Dodged            |    85 |    30 |   202 |   320 |   703 |   351 |   652 |   730 |  4620 ||  7693
  Block: Other             |       |       |       |   105 |    14 |       |       |       |       ||   119
         Reflection        |       |       |       |     1 |       |       |       |       |       ||     1
         Orb               |       |       |       |       |       |       |       |       |   475 ||   475
